Workbook

Sheet Project Description
A1: Analysis of TRB’s Research Needs Statements (RNS) Database for Records Related to Sustainability
C2: Table 1: Comprehensive Definition of Sustainable Transportation
A3: The purpose of this analysis was to determine the extent to which the topic of sustainable transportation is addressed in the proposed research projects listed in the TRB Research Needs Statements (RNS) database (http://rns.trb.org/). | C3: Dimension | D3: Area | E3: A sustainable transportation system…
C4: Environment | D4: Health and Environmental Damage | E4: minimizes activities that cause serious public health concerns and damage to the environment;
A5: What is meant by sustainability? | D5: Standards | E5: maintains high environmental quality and human health standards throughout urban and rural areas;
A6: While definitions of sustainability and sustainable development vary considerably, most comprehensive definitions of sustainable development consider impacts in the three areas of environment, economy, and society (equity), sometimes referred to as the "three Es". Within these three broad areas, different topics in sustainability were identified (see Table 1), and for each record, the areas of sustainability which it addressed were noted (up to three). Records were then given a "Sustainability Score" based on how well the proposed project addresses one or more of the three Es. | D6: Noise | E6: minimizes the production of noise;
D7: Land Use | E7: minimizes the use of land;
D8: Emissions and Waste | E8: limits emissions and waste to levels within the planet’s ability to absorb them, and does not aggravate adverse global phenomena including climate change, stratospheric ozone depletion, and the spread of persistent organic pollutants;
A9: Search terms: | D9: Renewable Resources | E9: ensures that renewable resources are managed and used in ways that do not diminish the capacity of ecological systems to continue providing these resources;
A10: Although there are theoretically many terms that could fall under one of the three dimensions of sustainability, for the purposes of this research effort, terms were chosen that were expected to garner as many records as possible while still remaining relevant to sustainability. The terms used in the searches for this study were: economic development, economy, environment, equity, society, sustainability, and sustainable. Where multiple search terms pulled up the same record, this is noted in subsequent "Search Term" fields in the "Records" tab. Obviously, there are more terms that could be used for additional searches, including conservation, preservation, energy, safety, and others. | D10: Non-renewable Resources | E10: ensures that non-renewable resources are used at or below the rate of development of renewable substitutes;
D11: Energy | E11: is powered by renewable energy sources; and
D12: Recycling | E12: reuses and recycles its components.
C13: Equity/Society | D13: Access | E13: provides access to goods, resources, and services while reducing the need to travel;
D14: Safety | E14: operates safely; ensures the secure movement of people and goods
A15: How records were scored: | D15: Intragenerational Equity | E15: promotes equity between societies and groups within the current generation, specifically in relation to concerns for environmental justice; and
A16: Scoring the RNS records in terms of whether they address issues of sustainability and in what ways was largely a subjective exercise. Using the Table 1 information, the evaluator determined which, if any, of the listed sustainability topics was clearly addressed in the RNS record. The record was given up to a full point in each of the three categories (Environment, Economy and Equity); half points were given where some aspect of that sustainability dimension was addressed. For example, a record that only discussed safety issues would score 0.5 for its "Equity" score, whereas a record that addressed multiple societal aspects, such as safety and access, or safety and access and intragenerational equity, was recognized as addressing equity/society in a more comprehensive way, and so was given a full point. All records received a score between 0 and 3 (up to 1 point in each category). It should also be noted that in some cases, a record's research focus may have the potential to impact sustainability beyond the category/categories indicated, but this was not explicitly discussed in the problem description, research objective or other piece of the proposal. For example, the record entitled "Modern Streetcars and Economic Development: The Rest of the Story" specifically discussed streetcar research that focuses solely on economic impact, even though streetcar promotion might also have environmental or even social impacts. For this reason, its total score was 0.5 (awarded in the "Economy" category). | D16: Intergenerational Equity | E16: promotes equity between generations.
C17: Economy | D17: Affordability | E17: is affordable;
D18: Efficiency | E18: operates efficiently to support a competitive economy; and
D19: Social Cost | E19: ensures that users pay the full social and environmental costs for their transportation decisions.
D20: Employment | E20: provides meaningful and well-paid employment opportunities.

Sheet Records
W1: Sustainability Score
A2: Project | B2: Link | C2: Date Posted | D2: Description | E2: Sponsoring Committee | F2: Search Term | G2: Search Term | H2: Search Term | I2: Search Term | J2: Search Term | K2: Sust. Topic | L2: Sust. Topic | M2: Sust. Topic | N2: Primary Category | O2: Secondary Category | P2: TRB Subject | Q2: TRB Subject | R2: TRB Subject | S2: TRB Subject | T2: TRB Subject | U2: TRB Subject | V2: TRB Subject | W2: Environment | X2: Economy | Y2: Equity | Z2: Total
A3: Data for Health and Transportation Planning and Programs | B3: http://rns.trb.org/dproject.asp?n=32623 | C3: 41165 | D3: Research problem statement Transportation agencies are facing an increasing need to include public health concerns in their transportation decision-making and planning. This need manifests itself in several areas of the National Environmental Policy Act process, MPO and State DOT long range plans and at the project design level. Yet, the various health analyses are generally not required of transportation agencies and in most cases the needed tools and data are not readily accessible or known to the transportation agencies. The reasons for this vary; but suffice it to say that the need to consider public health in transportation plans and programs is on the rise nationally. relationships to the existing body of knowledge Safety is a good example of an area where people have been aligning health and transportation data. For example, research groups such as SafeTREC at UC Berkeley have created GIS-based crash databases that include layers of health data (e.g., areas where a high proportion of students are eligible for reduced-price school lunch), with safe routes to school data and crash information. Another safety data source, Crash Outcome Data Evaluation System (CODES), goes a step further and links police-reported crash data with injury data from hospital records. One of the primary limitations of using health data for transportation decision-making is that health data are often aggregated to a geographic scale that is too large for analyzing the effects of specific transportation interventions. A further limitation is the level of confidentiality required for health data. These data constraints can limit detailed and fine-grained analysis for transportation plans and programs. Yet there are examples where groups are using neighborhood- and county-level data to understand health and transportation. Cities such as Madison, WI have GIS-based systems of neighborhood-level sustainability indicators that include health and transportation data. The County Health Rankings combine health outcomes (morbidity and mortality) with behavioral, social, and built-environment factors for nearly all counties in the US, and it includes measures of the food environment, physical activity, and traffic-related injury. These examples highlight the potential to combine health and transportation data in a practical way, as well was strategies that work for communicating data and information. Relevant data must be collected, but they must also be optimized for sharing across organizations and policy sectors. Thus, the proposed project seeks to develop practices for sharing data among interdisciplinary groups. research objective The purpose of this research is to make health data and metrics more accessible and useful for transportation specialists, elected officials, and others who want to know the health effects of transportation projects. This proposed project would provide a “database of data” to facilitate answering this question at geographic scales relevant to transportation. Two secondary aims are to provide a roadmap for improving data quality at the intersection of health and transportation, and a strategy for data sharing across policy sectors. Instead of putting new mandates on organizations to collect more data, this project will identify the data that both transportation and public health have that mutually aid the other. As health is increasingly at the center of national and local policy debates it is critical for transportation agencies to have data and metrics to show how transportation projects and policies affect health outcomes. These health outcomes need to include general measures of health such as morbidity and mortality, as well as specific diseases (e.g., respiratory disease, cancer) and populations (e.g., maternal and child health, older travelers, rural populations). Anticipated tasks include: Task 1: Review of Existing Resources: Using a detailed review of cases where public health and transportation policy communities have come together to accomplish project design, prioritization, or implementation, this task collects information on data sources (i.e., metadata), metrics, and practices used. Task 2: Roadmap for Improving Data Quality: Using the review in Task 1, as well as interviews with knowledge-rich practitioners, this task identifies and prioritizes important gaps in data, and data quality issues from the implementation perspective. Particular attention should be given to how the geographic and confidentiality challenges noted above can be overcome. Task 3: Develop a Data Sharing Strategy: Using reviews of practice, interviews with professionals in transportation and public health, and expertise in communications and systems design, this task creates a strategy for sharing data across the public health and transportation policy sectors. This task will serve to identify and promote effective approaches to creating and sustaining the interdisciplinary connections needed for integrating health into transportation decision making. These three tasks are an example of how such a project could be structured. Taken together, these tasks would result in practice-ready deliverables. Such deliverables may include a website that provides access to available data sources and their metadata, a library of data documentation and examples of research and projects they have supported, contact information for experts in the data sources, webinars and other opportunities for communicating the findings, as well as actionable recommendations for improving data quality. | E3: ADD20, Social and Economic Factors of Transportation | F3: Environment | G3: Sustainability | K3: Health/Environmental Damage | N3: Programming | O3: Project Development | P3: Data and Information Technology | Q3: Planning and Forecasting | R3: Society | S3: Transportation (General) | T3: Policy | W3: 0 | X3: 0 | Y3: 0.5 | Z3: 0.5
A4: Management of Roadside Trees | B4: http://rns.trb.org/dproject.asp?n=32336 | C4: 41137 | D4: RESEARCH PROBLEM STATEMENT Statistics show that from 2007 through 2009 there were over 11,400 fatalities that resulted from crashes into trees. (Source: Fatal Analysis Reporting System, NHTSA). These crashes accounted for half of the fixed object fatalities and nearly 20% of all roadway departure fatalities. To reduce the numbers of people being killed on the nation’s highways, it is critical that guidelines be developed which consider the risk posed by these objects so that this risk can be managed appropriately. In areas where trees are present along the roadside, a process is needed to determine the level of risk to the motorist. When considering the placement of new trees a similar process should be considered. To that end a better understanding is needed of highway characteristics which experience a higher proportion of motor-vehicle tree crashes, such that trees may be planted with an acceptable lateral offset or maintained in their existing locations without compromising motorist safety. It is not the intent of this project to prove that inclusion of trees is the right thing or wrong thing to do. There is a need for guidance for decision-makers to use in analyzing the risk associated with placement of roadside trees and the maintenance of existing trees. Research is needed to learn how roadside trees can be introduced and maintained without compromising safety. | E4: AFB20, Roadside Safety Design | F4: Society | G4: Environment | K4: Safety | N4: Programming | O4: Project Development | P4: Highways | Q4: Design | R4: Safety and Human Factors | W4: 0 | X4: 0 | Y4: 0.5 | Z4: 0.5
A5: Not all Dementias Are Alike: Implications for Driver Safety Promotion | B5: http://rns.trb.org/dproject.asp?n=32328 | C5: 41137 | D5: I PROBLEM How do different forms of cognitive impairment impact critical driving skills? What intervention strategies are needed to better inform helping professions, licensing authorities, individuals, and family members regarding awareness of variation in impairments by dementia type? How might strategies to promote safe mobility differ by dementia type? Over the past decade, transportation and aging researchers have increased our understanding of Alzheimer’s disease and it impact on critical driving skills (1, 2, 3, 4). While some noted attention has been paid to other dementias (5, 6), much less is known about how those dementias impact critical driving skills in ways other than the impacts observed in persons with Alzheimer’s disease. II. OBJECTIVE The objectives are twofold: 1) Document evidence of the similarities and differences across dementias related to the impact on critical driving skills; and 2) Increase awareness of those similarities and differences and their implications for safety research and practice. The following research activities are envisioned: a. Conduct a literature review of multiple forms of dementia and their impact on critical driving skills. The review should culminate with identifying research gaps or encouraging replication of studies previously conducted with persons with Alzheimer’s disease to validate what measures are transferrable to other cognitive impairments; what impacts on critical driving skills remain constant across dementias; and where impacts may differ by specific dementia. b.Convene three expert panels: 1) health professionals responsible for screening and assessment of impaired drivers; 2) Medical Advisory Board members associated with licensing authorities; and 3) patient care advocates representing dementia-specific organizations. c. Pending the outcomes of activities a and b, determine if sufficient evidence exists to develop informational/toolkit training materials targeted to professionals and to individuals and their family members. (Note: It may be that the first wave of materials developed will be more general in nature to introduce the broad evidence and encourage further research and development of targeted practice strategies). d. Pilot test the toolkits and information developed in item c. e. Work with patient care advocacy organizations to disseminate the information. | E5: ANB60, Safe Mobility of Older Persons | F5: Society | K5: Safety | N5: Programming | P5: Highways | Q5: Planning and Forecasting | R5: Safety and Human Factors | S5: Education and Training | T5: Passenger Transportation | W5: 0 | X5: 0 | Y5: 0.5 | Z5: =SUM(W5:Y5) -> 0.5
A6: Roadside Design for Conflicts in Proximity to Bridge Ends and Intersecting Roadways | B6: http://rns.trb.org/dproject.asp?n=32316 | C6: 41135 | D6: RESEARCH PROBLEM STATEMENT A general problem that occurs at many existing highway bridge locations throughout the United States is where the required length of need for guardrail that is required at bridge ends cannot be installed due to conflicts within the existing Right-of –Way (R/W) limits. The conflicts may consist of an existing intersecting private driveway, state or local roadway intersection or other objects that do not allow the placement of the required guardrail length of need. It is not unusual at some existing bridge sites to have 10 feet or less between the end of the bridge and the conflict. The traditional methods for treating these situations have included using a short radius guardrail system that relocates the barrier around the conflict, using a shorter guardrail section that does not meet the required length of need, using a crash attenuator, relocation of the conflict or leaving the end of bridge barrier unprotected. Since most typical Test level 3 (TL-3) tangent or flared guardrail end treatment systems are normally around 37 – 50 feet in length, there is typically a problem with fitting the end treatment systems and guardrail transitions to the bridge rail at these restricted sites. Additionally, no current short radius guardrail system has been able to meet NCHRP Report 350 or MASH Test Level 3 (TL-3) safety performance criteria for high speed roadways. In many cases the private or public entity is unwilling to relocate the driveway, intersecting roadway or other conflict and the State DOT is left with dealing with a safety problem. Typically these traditional solutions are not very practical for the sites and prevents the bridge end and any other hazards around the bridge from being properly protected by a longitudinal barrier. In many cases the State Department of Transportation’s will require that a design exception be acquired to install anything less than the required length of need with the proper guardrail end treatment. State Department of Transportation’s that use these traditional solutions are also exposed to greater risk to the public being injured in accidents as these sites and future risk to additional litigation from the accidents. RESEARCH OBJECTIVE The primary objective of the research would be to develop safety treatment alternatives to use where intersecting driveways, streets, local roads or other conflicts are placed near a bridge end. The designs should be able to be installed where the intersection or conflict is placed within a short distance (25 – 40 feet) from the bridge end. If required the design should be installed in a short distance down the side intersection conflict of no more than 20 – 30 feet. | E6: AFB20, Roadside Safety Design | F6: Environment | K6: Safety | N6: Programming | O6: Operations | P6: Highways | Q6: Design | R6: Safety and Human Factors | S6: Bridges and other structures | W6: 0 | X6: 0 | Y6: 0.5 | Z6: =SUM(W6:Y6) -> 0.5
A7: Older Road User Evaluation of Road Safety | B7: http://rns.trb.org/dproject.asp?n=32205 | C7: 41123 | D7: Problem A substantial increase in both the number and proportion in total population of older adults is expected for most developed countries. A main point of consideration for road designers and road safety engineers is the resulting rise in the number and proportion of older road users, who, given their physical vulnerability and limitations in terms of perceptual, cognitive, and psychomotor performance, would be more likely to have problems in driving and as pedestrians (Staplin et al, 2001), and to adapt (self-regulate) their behavior accordingly. User-centered roadway design and road improvements should accommodate older road users, the fastest growing population group, by addressing their information needs, limitations and capabilities—and in addition, their perception of risk. A critical highway safety issue is the potential discrepancy between the “objective” risk that is attributed to roadways (road sections, road sites) by road safety professionals’ tools and the “subjective” risk attributed by road users. Such discrepancies can reveal how well roadway infrastructure is understood, perceived, and responded to by road users. This knowledge can inform designers’ ability to accommodate (older) road users, and guide development of educational countermeasures with the potential to influence the perceptions of this group in a manner that enhances their mobility. Objective The objectives of this research are 1) to determine the correlation between the level of safety of particular roadway sites/sections, as perceived by aging road users, and the level of safety provided to the road user according to the International Assessment Programme (iRap) Star Rating protocol; and 2) to identify the site characteristics that account for observed discrepancies between the objective ratings and subjective estimations. The needed research will reveal the correlation between subjective estimated road safety and the RPS, as attributed to the road sections by the Star Rating protocol (see below), and the identification of specific roadway characteristics that most strongly influence perceived safety. Analyses of discrepancies between objective calculations and subjective estimations (implying either overestimation or underestimation by drivers of the safety level of the various road sections) will reveal the design elements that individually or in combination account for these discrepancies. The results of this study could provide valuable input into roadway design and improvements that accommodate older road users, and aid in the development of educational countermeasures for this group. | E7: ANB60, Safe Mobility of Older Persons | F7: Environment | K7: Safety | N7: Programming | O7: Operations | P7: Highways | Q7: Design | R7: Planning and Forecasting | S7: Safety and Human Factors | W7: 0 | X7: 0 | Y7: 0.5 | Z7: =SUM(W7:Y7) -> 0.5
A8: Understanding Variability in Road-Based Passengership Rates between Corridors in Order to Identify Opportunities for Improvement | B8: http://rns.trb.org/dproject.asp?n=31838 | C8: 41078 | D8: RESEARCH PROBLEM STATEMENT The Summary of TCRP Synthesis 98, Ridesharing as a Complement to Transit (page 4) concludes with the following statement: It is highly unlikely that transit can absorb the anticipated growth in vehicles that is predicted over the next decade. Ridesharing needs to be given serious consideration as a solution in partnership with public transit if congestion, pollution, and emissions are to be tamed in the future.[1] It is important for transit to lead the way towards a future where growth in travel demand does not automatically mean growth in private automobile numbers. However, in the current climate of high energy prices and budget shortfalls this is often seen as an impossible dream. Meanwhile, it is often pointed out that there is significant underused capacity in the empty seats of private vehicles, particularly during peak travel times when congestion is at its worst levels. For this problem statement the concept of road-based passengership is introduced. On the basis that traffic congestion occurs on the roads, and that increments to rail capacity take a long time to realize, the opportunity for transit to manage growth in travel demand (and congestion) in the near-term will be tied to the rate at which people are prepared to be passengers when traveling by road – whether in buses, vans, or cars. In terms of the impact on congestion, a traveler who travels as a passenger rather than as a driver has the same impact regardless of mode. The Ridesharing Institute has analyzed the rates of road-based commuter ‘passengership’, that is, the rates at which people using the road for their trip to work ride as passengers, and found significant variation between US cities. As a percent of all road-based commuters, car, van and bus passengers (excluding drivers) range from 5.3% in Akron, Ohio, to 19.7% in New York and 18.2% in Honolulu. Synthesis 98 suggests transit agencies partner with organizations that coordinate ridesharing (carpooling/vanpooling) to help absorb growth in travel demand. Transit agency staff often has no reliable data to help them set targets and strategies for such partnerships. This problem statement suggests developing an understanding of the causes of variation in total passengership and carpool and vanpool passengership, between cities and corridors within cities. The goal is to identify realistic and low-cost strategies based on what is working in high-passengership corridors that is not working in low-passengership corridors. Such strategies could be utilized by low-passengership corridors to raise their total passengership rates, both to complement existing transit and to provide alternatives in situations when transit services are being reduced. They might also help high-passengership corridors identify opportunities to further raise their passengership rates. OBJECTIVE The objective of this project is to develop a model (a multivariate regression model if there is sufficient data, or alternately an interpretational framework or cost-benefit analysis) that can be used to predict the impact of initiatives to increase passengership based on evidence gleaned from a study of high-passengership and low-passengership corridors, together with case studies about the corridors. The model, and the case studies that explain the factors present or absent, will be useful to transit planners in developing initiatives to increase passengership for corridors in their cities. It will be used to asses the types of strategies that are effective, their cost, and impact, and how they can be applied in some currently not well performing metro areas. This can be expected to lead to increases in total mobility across the nation without significant increased transit system cost. RESEARCH PROPOSED The research would include: Phase 1 – Literature review to a) review existing relevant research in this area in order to guide the study; b) update the data used as a basis for this proposal to reflect the most recent American Community Survey data (and/or other relevant sources if others can help to improve the reliability or comprehensiveness of the data) for commuters and other travelers, with a focus on peak-period travel; c) analyze the data into corridors within cities to the extent possible; d) enable extraction of a sufficient sample of high and low passengership corridors for further analysis; e) create a comprehensive listing of all the factors that might lead to variability in the amount of passengership in different corridors. By way of example, the following initial list of potential factors has been identified: 1. Existing and historical situation (city design and layout, mode choice availability and mix, societal culture of alternative mode use in the community, dominance of the car, cost of parking relative to earnings, price of cars, social image of modes, perceptions of safety, business support, commuter benefits, age / generational factors, congestion / traffic factors, etc); 2. Solutions (technologies, infrastructure, and systems at origin ends (casual carpooling/slugging, dynamic/instant rideshare, mobile info apps, ride matching services, feeder services, parking systems, etc that facilitate formation of shared rides, including buses); destination ends (circulator buses, car-sharing, bike-sharing, HOV parking, etc); and along the way (HOV lanes, HOV bypasses, etc); that remove barriers and make it easier, more convenient, and more rewarding for people to share rides), 3. Policy environment (dynamics of the local transportation market, parking charges and structures, tolls, incentives, performance indicators, targets, high occupancy preferential treatment, fuel taxes, etc); and 4. Public engagement (messaging and other strategies that have resulted in commuters being interested in and prepared to do something other than driving alone, or making the shared ride the default, for example. Parallels might be found in the recent successes of recycling, compact fluorescent bulbs, second-hand smoke avoidance, and plastic shopping bag reduction). Create and test a data-collection tool that can be used to capture details of the factors that exist within each of the corridors chosen for further analysis. Phase 2 – Field survey to a) capture all details of the factors that exist within each of the corridors chosen for analysis; b) record this data into a database for analysis; and c) prepare case studies for each corridor outlining the factors and their development over time to deliver the current result that is being achieved. It is envisioned that this data capture will be via the internet, with MPOs or similar organizations being engaged to self-report their chosen corridors in return for workshops to interpret the results (or some similar benefit that would keep the cost of data-collection to a minimum). It is also suggested that the survey capture details for a small sample of corridors in cities in other countries. This phase would also include data from previous field surveys that may have been done in other studies (such as by FHWA). Phase 3 – Analysis of the corridor by corridor data to a) identify any patterns that exist; b) enable to the extent possible the specification of a model or framework that can be used to evaluate other corridors for their potential for greater levels of passengership; and c) specify potential initiatives that the low-passengership corridors (and high-passengership corridors) studied could implement in order to raise their passengership rates. Phase 4 – Documentation and dissemination of the model and case studies and initiative specifications. | E8: AP025(2), Public Transportation Planning and Development Research Needs | F8: Environment | K8: Efficiency | N8: Systems Planning | O8: Programming | P8: Public Transportation | Q8: Planning and Forecasting | R8: Transportation (General) | S8: Passenger Transportation | T8: Policy | W8: 0 | X8: 0.5 | Y8: 0 | Z8: =SUM(W8:Y8) -> 0.5
A9: Uniform Scaling of Performance Measures for Bridge Management Systems | B9: http://rns.trb.org/dproject.asp?n=31793 | C9: 41071 | D9: Background Transportation asset management uses data and objective analysis to improve decision making, with the objective of providing the required level of service in the most cost effective manner. Asset management systems are tools to quantify relevant performance measures, and forecast future outcomes as they are affected by agency policies, resource levels, and exogenous factors. Owners of transportation infrastructure are expected to satisfy a wide range of stakeholder expectations for performance outcomes. Under limited funding, these expectations may conflict with each other. For example, achieving a higher safety objective may require drawing resources away from capacity projects, thus having a negative effect on mobility. Efforts to analyze the tradeoffs among performance measures are made difficult by the dissimilar measurement systems used; for example, condition is often measured in terms of element condition states and health index, while safety is in terms of accident rate and mobility is in terms of delay time and distance. In a multi-objective framework, it is necessary to have a way to standardize the scaling of each relevant performance measure, to make it possible for decision makers to make valid comparisons among dissimilar objectives. NCHRP Project 12-67, published as report 590, developed a utility function framework to enable the optimization of bridge program management decisions considering multiple objectives. It described several methodologies for scaling performance measures to make it possible to compare and weight them in utility functions. The project demonstrated the methods in an informal way, but did not attempt a formal specification or estimation of scaling functions, instead leaving it to each individual agency. AASHTO, state governments, and international agencies have begun to develop bridge management systems that rely on the methods in NCHRP Report 590. All of these systems will need objective scaling functions in order to realize the potential for multi-objective analysis. While the weighting of competing objectives is likely to vary from one agency to another, the uniform single-objective scaling of performance measures is believed likely to be similar across agencies and across asset types, even extending to asset types beyond bridges. Therefore a significant amount of effort may be spared by developing such scaling functions in cooperative research rather than in each agency individually. Objective The objective of this research project is to develop a recommended set of scaling functions, including quantitative parameters, for performance measures that would reasonably be used in bridge management systems to implement the utility function methodology of NCHRP Report 590. In most cases a valid scaled performance measure is a unitless quantity ranging from 0 to 100, where equal intervals have equal value anywhere along the scale. Potential benefits NCHRP Report 590 described the benefits of multi-objective analysis, in terms of assuring that bridge program decisions fully reflect the importance of all aspects of transportation system performance. This is especially important for considerations of risk, safety, and mobility that are not well represented in traditional life cycle cost analysis. Implementation of multi-objective analysis requires the development of utility scaling functions, which Report 590 left to each individual agency. The effort to develop these scaling functions may be considerable, and would have to be repeated separately for each agency. It is believed, however, that the results would be very similar from one agency to another. Many agencies would lack the resources to develop their own functions, or to apply the necessary careful study design to ensure that the scaling functions are objective and credible to a wide range of stakeholders typical of asset management. Performing this study once and for all, would save each state from having to do it individually, thus reducing the total cost by potentially 90-95%, taking advantage of the power of cooperative research. Relationship to existing body of knowledge Existing research studies, including NCHRP Report 590 and the FHWA Long-Term Bridge Program, have identified lists of relevant performance measures. Some of these measures are well documented, as in the AASHTO Guide Manual for Bridge Element Inspection and the FHWA National Bridge Inventory Coding Guide. Other measures of performance, especially risk, may need to be gathered and synthesized from current research in order to specify a list to explore further. The level of service approach to performance assessment may provide a means of standardizing the descriptions of performance measures without tying these measures to specific measurement technology. This approach is commonly used in Maintenance Quality Assurance programs and described in the AASHTO Guide for Asset Management Volume 2: Focus on Implementation. Levels of service correspond to definitions of acceptable or unacceptable performance, and are further refined by identifying the criteria where preventive maintenance, risk mitigation, or life extension actions are applicable. Currently the only research report that specifically addresses scaling functions for bridge management performance measures, is NCHRP Report 590. This report describes a set of applicable methods but does not try to quantify them. The proposed research will include the data collection activity necessary to quantify and validate scaling functions. Tasks It is envisioned that the research will involve at least the following tasks: Gather and synthesize the performance measures relevant to bridge management systems, including domestic and international practice. The research should consider measures that may become possible with the completion of the FHWA long-term performance program, and measures that may be broadly applicable across asset management (not strictly limited to bridges). This task includes a literature review which extends to updating the NCHRP Report 590 literature review as concerns scaling functions. Identify a sample panel of 50-100 bridge owners and other stakeholders and experts, representing the full range of such agencies by geography, level of government, size, climate, and organizational environment. The panel could exceed 50 members when considering the various organizational perspectives (engineering, planning, regional, etc.) in each agency. The sample panel will review the list of performance measures to be considered in the research, and will provide the expert elicitation data required in the next task, by electronic means. For a set of applicable scaling methods, including but not limited to the methods discussed in NCHRP Report 590, gather and synthesize expert opinion required for development of scaling functions. This includes development of one or more survey instruments and execution of a survey. One or more webinars and/or in-person gatherings of the sample panel will be necessary to ensure panelist understanding and maximize the quality of the data. Use statistical estimation methods to develop scaling functions for the applicable methods. Measure the level of consistency and reliability of the various methods for each performance measure. Quantify the variance of scaling parameters by level of government, geography, climate, size, or other relevant agency characteristics. Recommend and document a scaling function, including quantitative parameters, for each performance measure. Describe the variance of parameters according to agency characteristics. Recommend procedures to customize the scaling functions for each agency. Demonstrate the application of the scaling function in an example multi-objective optimization context. This could be done using Pontis 5.2, or another bridge management system or model that is able to effectively demonstrate the method in action. Prepare a Final Report. Implementation activities This research is envisioned to feed directly into existing efforts to develop multi-objective optimization models in bridge management systems. It will provide default models and methods each agency can use as it customizes BMS models for its own use. Continued FHWA and AASHTO support for bridge management systems, and in general for asset management and performance management, will help to ensure successful and widespread implementation. | E9: AHD35, Bridge Management | F9: Environment | N9: Systems Planning | O9: Programming | P9: Administration and Management | Q9: Maintenance and Preservation | R9: Bridges and other structures | W9: 0 | X9: 0 | Y9: 0 | Z9: =SUM(W9:Y9) -> 0
A10: Bridging the Digital Divide: Ensuring Information Equity for Electronic Communications | B10: http://rns.trb.org/dproject.asp?n=31742 | C10: 41051 | D10: SCOPE: Transit agencies are increasingly using electronic forms of customer communication, including social media channels and mobile applications that provide real-time information and rider alerts. These new forms of communication provide benefits to transit properties and their customers, but questions remain about whether these channels can bridge the digital divide, or the perceived gap between people who have access to technology and those who do not. Two recent TCRP synthesis studies touched upon this issue. Report 91, Use and Deployment of Mobile Device Technology for Real-Time Transit Information, briefly addressed the question of information equity, defined as “providing real-time information by means of at least two dissemination media in both audio and visual formats.” Report 99 (forthcoming), Uses of Social Media in Public Transportation, identified multicultural considerations as an area for further research. However, these considerations were not the primary focus of either research effort. Issues associated with information equity include the following: · Access to mobile technology · Internet access · Broadband access · Social media use · Access for people with disabilities · Linguistic and cultural diversity Recent research from organizations like the Pew Research Center and the National Telecommunications and Information Administration demonstrates the complexity of this issue. While most U.S. adults own a cell phone of some kind, smart phone ownership varies by age, race, education, and income. For example, about 44% of blacks and Latinos use smart phones, compared to 30% of whites. Internet access and, especially, broadband access also shows variation. In 2011, 94% of young adults (aged 18-29) used the Internet compared to 41% of seniors (aged 65 and over). Looking at race, 80% of white Americans had Internet access, compared to 71% of African-Americans and 68% of Hispanics. And in 2010, 70% of urban households had broadband Internet access versus 60% of rural households, highlighting a geography gap. While people in all age groups use social media, teens and young adults are more likely to use the platforms than older adults. For example, more than three out of four teenagers and adults aged 18-24 had an online personal profile in 2010, compared to 13% of those aged 65 and over. Finally, some web-based and mobile applications have made it easier for people with disabilities to navigate transit systems, but adoption is not universal. In one survey from the Pew Research Center, 54% of adults living with a disability use the Internet, compared with 81% of adults who did not report a disability. Transit operators are taking different approaches to ensure that their electronic information reaches all customers. For example, Chicago Transit Authority makes its real-time service updates available in SMS text-message format to reach customers without smart phones. Washington Metro plans to add next-bus digital signs at major bus stops so that all customers – not just those equipped with cell phones – can access real-time arrival predictions. The Los Angeles County Metropolitan Transportation Authority writes two separate blogs for its customers – English-language The Source and Spanish-language El Pasajero. Complicating the issue is the proliferation of third-party applications. Many agencies, like the Massachusetts Bay Transportation Authority and the New York Metropolitan Transportation Authority, actively encourage the developer community to create web- and mobile-based applications based on agency data. While agencies can take steps to ensure that as many customers as possible can access digital communications (by making information available by text and voice, for example), they have less control over third-party applications. The synthesis would explore these issues and identify best practices for ensuring that digital communications reach as many riders as possible. | E10: AP030, Public Transportation Marketing and Fare Policy | F10: Equity | K10: Intragenerational Equity | L10: Access | N10: Programming | O10: Project Development | P10: Public Transportation | Q10: Data and Information Technology | W10: 0 | X10: 0 | Y10: 0.5 | Z10: =SUM(W10:Y10) -> 0.5
A11: Information Clearinghouse for Utilities | B11: http://rns.trb.org/dproject.asp?n=31683 | C11: 41047 | D11: The amount of utility-related resources and literature available to assist utility stakeholders in performing their duties continues to increase. However, there is currently no information clearinghouse that allows practitioners to easily exchange or otherwise access a wide array of utility-related resources. For example, if an agency wishes to learn how much detail other agencies require on permit forms for utility installations, the search can be time consuming, and critical information can be missed. Many stakeholders would benefit greatly from a national clearinghouse that stores and organizes utility-related resources. A critical first step is to prepare a plan for developing and operating this information clearinghouse. The plan should answer questions such as: which organizations should be involved, how to get started, what should be the implementation timeline, how much it will cost, and what strategies should be put in place to ensure the long-term sustainability of the information clearinghouse. The purpose of this research is to develop a master plan for the implementation of a national clearinghouse for utility information. Specific objectives follow:Identify the organizations to be involved (e.g., FHWA, AASHTO, APWA, IRWA, DBIA, the utility industry, and academia); · Conduct a survey of stakeholders and practitioners to help characterize the purpose, content, and structure of a national clearinghouse for utility information; · Investigate a sample of successful information clearinghouses in transportation, and identify key features; · Develop and test a prototype architecture for a web-based information clearinghouse; · Prepare an implementation plan that includes items such as start-up and annual costs, potential funding sources, maintenance responsibilities, sources of information, staff requirements, warehousing needs, and information exchange protocols; · Prepare a report containing findings and recommendations. | E11: AFB70, Utilities | F11: Sustainability | N11: Operations | P11: Highways | Q11: Pipelines | R11: Data and Information Technology | S11: Design | W11: 0 | X11: 0 | Y11: 0 | Z11: =SUM(W11:Y11) -> 0
A12: Weekday Exception Scheduling in Rapid Transit Systems | B12: http://rns.trb.org/dproject.asp?n=30041 | C12: 41037 | D12: I. Research Problem Statement Weekday exception scheduling in rail transit services can potentially provide better service to customers by matching transit supply to ridership demand more precisely, while also reduce operating costs of urban transit systems. Specifically, treating Fridays (and perhaps also Mondays) differently from other weekdays offers interesting possibilities. As commuters trend towards more flexible work scheduling, telecommuting arrangements, and 4½-day weeks, gaps between midweek and Friday ridership have widened. Exception schedules neither were nor are unusual; transit operators ran full Saturday lunchtime rush-hours in the interwar era, while private bus companies, airlines, and freight railroads operate exceptions today. Systematic consideration of day-of-week scheduling in urban local buses and suburban express buses confirmed that Friday modifications were best leveraged in properly distributing services. While routes clearly have different day-of-week ridership characteristics, overall trends were not clear. Some routes have barely discernable Friday ridership effects whereas others have large and quite actionable effects. Work is needed to confirm rail transit ridership patterns, and identify and quantify underlying factors affecting Friday rail rapid ridership deviations from weekday averages. Some indices for route properties (number and size of business districts served, station character, route length, stop spacing, express/local/zonal service, “radialness” or “feederness”, and whether colleges were present) could be developed and correlated to ridership patterns and trends. Earlier studies have shown that labor agreements permitting Friday scheduling exceptions as part of picked/bid crew schedules could reduce bus operating costs by 0.6% using vehicle-hours estimation methodology in a typical urban environment. Available savings were route-specific, with 25% service reductions possible on some, whereas 25% service fortification was required on others with higher Friday ridership. However, no run-cutting studies (even in buses) have been completed to validate these findings. Generation of proposed Fridays-only operating plans and run-cuts in a typical rapid transit environment, followed by detailed scenario testing through computerized run-cutting, is required to validate cost savings. Implementing a separate rapid transit schedule tailored to Friday ridership could result in implementation issues. Research is required to identify issues and determine possible mitigation strategies. Issues include: systems with infrequent service or network features like timed-transfers may be negatively impacted by small Fridays-only reductions; customers may become confused by a separate Friday schedule; supporting infrastructure (payroll, internal reports) may be unavailable. II. Research Objective The research would seek to answer the following questions: Are Friday exception scheduling feasible in a rail rapid transit operating environment? Do the ridership patterns in rail rapid transit support such a policy change in a broad range of operating environments? What are the labor agreements needed to facilitate picked/bid Friday schedules? Do current labor agreements provide a good starting point? How can the necessary agreements be reached? Are there any specific route characteristics that lends itself to a different schedule being operated on Fridays or any other day of the week? What are the demographic variables that generally gives rise to weekday exceptions? What are the magnitudes of operating cost savings available if Friday exceptions were part of the base schedule? What are the general trends in time periods/routes that require service fortification on Fridays, versus service reduction? Are there seasonal effects? What are the implementation issues in a typical rapid transit environment? What are the best practices? | E12: AP065, Rail Transit Systems | F12: Environment | K12: Efficiency | N12: Programming | O12: Operations | P12: Public Transportation | Q12: Railroads | R12: Administration and Management | S12: Planning and Forecasting | T12: Policy | W12: 0 | X12: 0.5 | Y12: 0 | Z12: =SUM(W12:Y12) -> 0.5
A13: Pricing Strategies for Public Transit Fares | B13: http://rns.trb.org/dproject.asp?n=29859 | C13: 40994 | D13: I. Research Problem Statement Fare policy is one of the most effective tools available to public transit agencies to influence revenue and ridership levels. Often, however, their effectiveness is limited because of inflexible fare structures and lack of market orientation. Innovative pricing strategies may help balance multiple policy objectives, such as revenue and ridership targets, demand management, and social equity considerations. Faced with fare revenue shortfalls and declining household income levels transit agencies are looking for ways to improve the effectiveness of their fare policies. Many have adopted private sector models, such as price differentiation and revenue management (yield management) strategies to be better able to respond to changes in demand. II. Research Objective Describe pricing theories and strategies, and their application to fare policy. This will include a review of innovative fare policy and yield management strategies that have been adopted by transit agencies both in the U.S. and internationally. Special consideration shall be given to examples of pricing strategies from the private sector and their adoption by the public sector. In particular, the study will address the following questions: • What are examples of innovative pricing strategies that are being used or have the potential to be adopted by transit agencies, and what are the lessons-learned? • How can specific fare policy objectives be reflected in different pricing strategies and fare structures? • What are examples for successful pricing strategies in regard to: o Time of day fares o Day of week fares o Service categories and premium service surcharges o Disaggregate fare elasticities and the Willingness to Pay o Limited time and promotional fares o Loyalty programs and incentives o Employer and university pass programs • How can transit agencies balance the need to simplify the fare structure while differentiating fares for different market segments, and what is the customer acceptance? • What are ways to balance revenue optimization with equity and social justice requirements? • What are relevant metrics to evaluate the effectiveness of pricing strategies (revenue per seat mile, revenue per train mile, revenue per passenger mile, etc.?) • What are Best Practices for researching, designing and implementing differentiated pricing structures? | E13: AP030, Public Transportation Marketing and Fare Policy | F13: Equity | K13: Safety | L13: Efficiency | N13: Operations | P13: Public Transportation | Q13: Passenger Transportation | R13: Finance | W13: 0 | X13: 0 | Y13: 0.5 | Z13: =SUM(W13:Y13) -> 0.5
A14: The Value of Life-Cycle Costing and Asset Management in Public Private Partnerships | B14: http://rns.trb.org/dproject.asp?n=29855 | C14: 40991 | D14: I. RESEARCH PROBLEM STATEMENT While it is paramount to invest on infrastructure in order to maintain economic competitiveness, traditional funding mechanisms for surface transportation facilities – primarily the gas tax – have not increased in the same rate as the transportation investment needs, and are quickly losing their ability to fund the transportation system. The result is a widening gap between expenditures and revenues. There have been many efforts to bridge this funding gap using direct user charges or increasing taxes, which can be directly leveraged. However, among all different options that can be used to bridge the gap, indirect leveraging through Public Private Partnerships (PPP) has received special attention, particularly because PPPs can leverage public resources and use the efficiency of the private sector to make the delivery of previously infeasible projects more possible. Nevertheless, Public Private Partnership agreements are usually very complex, are associated with huge uncertainties and require a long term analysis of costs and revenues. Asset management requires a strategic approach to consider on-going operation and maintenance needs while involving the economic assessment of trade-offs among alternative options. This approach combines engineering and economic analysis to identify cost-effective investment decisions. While companies bidding on Public-Private Partnerships must consider this long-term approach to optimize a bid that includes annual resources for operation, maintenance and replacement costs as well as repayment of lenders and a return on equity investment, public investment decisions are often made with short-term time horizons that may not incorporate life-cycle costing and long-term asset management perspectives. This approach may result in fewer uses of preventive maintenance techniques which may significantly increase the total cost of the project over its life-cycle. This research topic focuses on how life-cycle costing and asset management techniques can be incorporated into public decision making in order to better evaluate PPP proposals and bids to increase the long term value of PPP projects for societies, as well as to better incorporate life-cycle costing and asset management perspectives in public decision-making relating to non-PPP projects. II. OBJECTIVE The objective of this research is to identify how life-cycle costing and asset management techniques can be incorporated into the public decision making process. This should include how future revenues and costs for a PPP project can be estimated, how the risks associated with the revenues and costs can be identified and quantified, and how a Decision Support System (DSS) can be developed in order to incorporate the mentioned elements into public decisions. This Decision Support System will provide decision makers much needed information on the impacts of different life-cycle cost items and risks associated with them on evaluation and comparison of PPP proposals and bids. | E14: ABE10, Revenue and Finance | F14: Equity | G14: Society | K14: Efficiency | L14: Affordability | N14: Project Development | P14: Administration and Management | Q14: Transportation (General) | R14: Finance | S14: Economics | W14: 0 | X14: 0.5 | Y14: 0 | Z14: =SUM(W14:Y14) -> 0.5
A15: Structural Design Methods for Alternate Pipe Materials Based on Equivalent Risk Factors | B15: http://rns.trb.org/dproject.asp?n=29853 | C15: 40990 | D15: III. RESEARCH PROBLEM STATEMENT The AASHTO LRFD Bridge Design Specification use different load and resistance factors for the design of pipes made from different materials. Seemingly, this practice results in different factors of safety between designs of the concrete, metal and plastic pipes involved. In some instances, the apparent safety factors appear to range from roughly 1.2 to 5.0. This is a historic practice that may or may not be justified by the loads, known strength of the pipe materials and installed backfill soils involved. Load factor evaluations need to account for current day inspection controls, deflection testing, etc. Effective means of offsetting likely variations in design assumptions need to be identified, evaluated and, where appropriate, included in future specifications. Resistance factors are to be developed on the basis of inconsistencies that may actually occur within the pipe and backfill materials as specified as well as the accountability of the materials involved. V. RESEARCH OBJECTIVE This research will significantly aid in achieving the goals of the June 2005 Grand Challenges posted by the AASHTO Highway Subcommittee on Bridges and Structures. The 7 Grand Challenges are: 1 - Extending Service Life 2 - Optimizing Structural Systems 3 - Accelerating Bridge Construction 4 - Advancing the AASHTO Specifications 5 - Monitoring Bridge Condition 6 – Contributing to National Policy 7 – Managing Knowledge Especially relevant to this research, as shown in the research description below, is the attempt to answer Grand Challenges 1, 2, 4, 5, 6, and 7 This research also addresses the Transportation Research Board’s “Critical Issues in Transportation”, 2009 Update, which lists the following nine (9) Critical and Cross-Cutting Issues: Congestion - increasingly congested facilities across all modes Energy, Environment, and Climate Change - extraordinary challenges Infrastructure - enormous, aging capital stock to maintain Finance - inadequate revenues Equity - burdens on the disadvantaged Emergency Preparedness, Response, and Mitigation - vulnerability to natural disasters and terrorist strikes Safety - insufficient improvement Institutions - 20th century institutions mismatched to 21st century missions Human and Intellectual Capital - inadequate investment in innovation This research will especially address six (6) issues on Congestion, Energy and Environment, Infrastructure, Emergency Preparedness, and Safety. Evaluate the basis of the various AASHTO pipe design specifications (methods), their degree of technical substantiation as well as their dependency on (any) differing loading assumptions, the effect of variations in specified backfill materials and the dependency of the pipe’s performance on contractor workmanship. Develop design methods with equivalent risk factors for pipes of alternate materials. Appropriate soil and live load design assumptions as well as soil support, shape control and pipe material strength variations are significant factors. | E15: AFF70, Culverts and Hydraulic Structures | F15: Equity | G15: Environment | K15: Safety | N15: Construction | O15: Maintenance | P15: Highways | Q15: Pipelines | R15: Construction | S15: Design | T15: Bridges and other structures | W15: 0 | X15: 0 | Y15: 0.5 | Z15: =SUM(W15:Y15) -> 0.5
A16: Design and Load Rating of Culverts | B16: http://rns.trb.org/dproject.asp?n=29852 | C16: 40990 | D16: III.RESEARCH PROBLEM STATEMENT Much effort has been focused on load rating of bridges for vehicular loads. However, most bridge design is focused on the gross truck weight, while the response of typical culverts is driven by the response to a single axle and often a single wheel. Research is needed to evaluate the impact of truck loads on the culvert population and to evaluate the loand and resistance factor design (LRFR) procedures for rating culverts addressing the loading conditions specific to culverts. The structural response of a culvert is controlled by the interaction of the culvert with the surrounding soil. Some load is carried by the culvert and some by the soil. As shown by NCHRP Report 647 Recommended Design Specifications for Live Load Distribution to Buried Structures, the mechanics of this interaction are different among concrete, metal and thermoplastic culverts. Also not captured by simplified design methods common in use today is the fact that as the load increases the relative distribution of load to the culvert relative to the soil can change. These subjects need to be investigated for heavy truck loads to assure that culvert capacities are properly evaluated for rating. Overly conservative rating procedures result in expensive replacements or upgrades, while unconservative rating procedures could result in premature deterioration and even failures. As an example of how important this work is to the national transportation infrastructure, the Virginia Department of Transportation (VDOT) is responsible for maintaining an inventory of 18,985 bridges, of which 7,205 or 38% are in fact large culverts that are inspected as part of the bridge inspection program. (JLARC, 2000, Adequacy and Management of VDOTs Highway Maintenance Program.) Furthermore, it is estimated that VDOTs maintenance requirements on an inventory of 335,000 smaller culverts amount to $23M annually. (VDOT, 9/2007, Biennial Report on the Condition and Performance of Surface Infrastructure in the Commonwealth of Virginia.) Using one project constructed in 2011 as an example, VDOT estimated $615,000 for replacing two sets of twin 72 diameter culverts under State Route 201 (VDOTs integrated Project Manager). Although it is a rural road carrying less than 5,000 ADT (VDOTs GIS Integrator, 2008 traffic data), the road is used by heavy logging trucks, an industry which accounts for $350M in raw sales annually in Virginia (Rephann, 9/1/2008). Although the cover over the culverts is approximately 6 feet thick, the original culverts had undergone severe vertical deflection and were supported internally by heavy timbers to avoid complete collapse. This proposal will have the following research objectives: Research wheel loadings on culverts that reflect the latest truck and special farm loads and produce a summary of design vehicle loads as well as special agricultural loads and permit vehicles in common and extraordinary use today. This will include 60-kip and 66-kip triple axle trucks that are used in some states. Summarize existing culvert response modes in design use for vehicle and axle loadings, including culverts under minimum covers, and culverts of a variety of spans, from smaller culverts to bridge-size culverts (20-ft span). Evaluate culvert response to the large loads via 3-D finite element analyses and experiment. In particular these analyses will investigate redistribution mechanisms for live load as load increases from current design levels to the heaviest vehicle and axle loads allowed on roads and highways. These evaluations will result in design procedures, design aids, and guidelines for agencies to evaluate culverts for large live loads, and especially to load rate culverts accordingly. These results will form new and revised sections to the LRFD Bridge Specifications and the LRFR Manual. The project report will offer an assessment of the response of the national culvert population to increased axle loads and suggestions of how, when necessary, culverts might be strengthened in place without replacement. | E16: AFF70, Culverts and Hydraulic Structures | F16: Equity | G16: Environment | N16: Maintenance | O16: Construction | P16: Highways | Q16: Pipelines | R16: Construction | S16: Design | T16: Bridges and other structures | W16: 0 | X16: 0 | Y16: 0 | Z16: =SUM(W16:Y16) -> 0
A17: Hybrid Box Culvert - Using Optimized Cement-Fiber Reinforced Polymer Composites | B17: http://rns.trb.org/dproject.asp?n=29387 | C17: 40981 | D17: RESEARCH PROBLEM STATEMENT: Some of the greatest concrete innovations today are focused on creating new mixes. Hybrid Box Culvert project is initiated by interest in sustainable development and new environment regulations on waste disposal. Supplementary Cementitious Materials (SCM) and Fibers are part of the picture, redirecting industrial byproducts from landfills and supplying concrete with greatest durability, strength, and performance. Name a design challenge, and there is a concrete mix with SCMs and Fibers that can solve it. Recent research evaluated the behavior of concrete made with SCMs such as fly ash and ground granulated blast-furnace slag (GGBFS) and Fibers under a variety of conditions. Correlations were found among the source and proportion of the SCMs and Fibers for curing conditions, concrete set time, strength development, and cracking potential. There are several structural Fibers that are available in the market place, but to name a few that are promising for the research and development are as follows: Polypropylene( structural –fibrillated), Steel (low carbon), Glass (alkali resistant-with zirconium), Polyvinyl alcohol, Carbon, Cellulose and Nylon. The addition of fly ash, GGBFS and other industrial byproducts to cement and Fibers in multiple combinations can improve concrete workability, durability and long-term strength, but a gap in knowledge exist about the variation in performance of concrete containing Scanning Electron Microscopy (SCM) and Fibers from various sources has limited its use by the producers. Main thrust of this research needs shall be to address the basic realty of facts; they are, a) focus in obtaining light weight products b) reduction of cost in terms of cheaper, durable and safer products c) less cost up-front, lesser cost over the life of product and least cost in terms of public safety and legal cost. Research needs to know the net effect of durability of hybrid box culvert structure if such a combination will result in the increased strength in terms of tensile property and molecular bond strength between the fibers and the cementitious matrix. To enhance the durability issues of hybrid box culvert, it is imperative that a research needs statement shall contain comprehensive fractography of the fracture surface. The ready-to-use Hybrid Box Culvert structure will be in the form of light weight, durable, longer-lasting over the life of the product, resulting in lower fuel cost while transporting for project installation due to its light-weight characteristics. This hybrid box culvert structure may be used as a low maintenance bridge infrastructure/ appurtenance and will be utilized by public owner of federal, state and county transportation infrastructure system as well as private entities. RESEARCH OBJECTIVE: This research will significantly aid in achieving the goals of the June 2005 Grand Challenges posted by the AASHTO Highway Subcommittee on Bridges and Structures. The 7 Grand Challenges are: 1 - Extending Service Life 2 - Optimizing Structural Systems 3 - Accelerating Bridge Construction 4 - Advancing the AASHTO Specification 5 - Monitoring Bridge Condition 6 – Contributing to National Policy 7 – Managing Knowledge Especially relevant to this research, as shown in the research description below, is the attempt to answer Grand Challenges 1, 2, 4, 5, 6, and 7. This research also addresses the Transportation Research Board’s “Critical Issues in Transportation”, 2009 Update, which lists the following nine (9) Critical and Cross-Cutting Issues: Congestion - increasingly congested facilities across all modes Energy, Environment, and Climate Change - extraordinary challenges Infrastructure - enormous, aging capital stock to maintain Finance - inadequate revenues Equity - burdens on the disadvantaged Emergency Preparedness, Response, and Mitigation - vulnerability to natural disasters and terrorist strikes Safety - insufficient improvement Institutions - 20th century institutions mismatched to 21st century missions Human and Intellectual Capital - inadequate investment in innovation This research will especially address six (6) issues on Congestion, Energy and Environment, Infrastructure, Emergency Preparedness, and Safety. a) To evaluate elemental analysis of ductile composite materials requires setting up Scanning Electron Microscopy with Energy Dispersive X-rays (EDX). b) To predict structural behavior of thin-ductile tension loaded structures requires testing setup and the equipment required to test it in a state-of-the-art testing laboratory. c) To setup test methods for measuring fracture toughness. Additional tests are required to examine the comprehensive fractography of the fracture surface. d) Set up Positron Annihilation Lifetime Spectroscopy (PALS) measurements to investigate the mechanical properties of mix e) The mechanical properties of mix in question include among other things, are 1) tensile, 2) compression, 3) bending, 4) impact hardness, 5) distortion temperature and 6) glass transition temperature and their association with free volume. f) Certified manufacturing facility is required where the research product components are mixed and cast to mandated ASTM manufacturing and testing specifications. g) Need to establish practical design guidance to effectively translate material performance to structural performance and set up appropriate protocol for inspection and test methods for quality control and quality assurance. h) Establish the definition of Ductility ( Deformation or Energy Absorption). i) Need to explore the cross section of the various combinations of mix, including the use of multiple fibers combination in the cementitious matrix to determine “weak links” in the ensuing comparison of mix. j) Determine net effect of increased tensile strength over time, increase in ductile interfacial micro-structure, increase in molecular bond strength between fiber and matrix, reduce the micro-hardness, mechanical behavior and strain-hardening response while arresting the formation of calcium hydroxide in the cementitious matrix. | E17: AFF70, Culverts and Hydraulic Structures | F17: Sustainable | G17: Equity | H17: Environment | I17: Economy | K17: Efficiency | L17: Safety | M17: Emissions and Waste | N17: Construction | O17: Maintenance | P17: Highways | Q17: Pipelines | R17: Construction | S17: Design | T17: Bridges and other structures | W17: 0.5 | X17: 0.5 | Y17: 0 | Z17: =SUM(W17:Y17) -> 1
A18: Modulus-based Quality Control in Culvert Backfill Installation | B18: http://rns.trb.org/dproject.asp?n=29389 | C18: 40981 | D18: III. RESEARCH PROBLEM STATEMENT Historically, there has been a disconnect between soil properties used in culvert design and compaction control methods used in the field. Culvert design is typically based on implicit or explicit assumptions about the deformational properties of the soil under and around the culvert. The Young’s moduli are the principal soil parameters. However, during construction, there have not been available practical methods for measuring soil modulus and confirming the design assumptions. Commonly, soil density is measured as a surrogate for measurement of soil modulus. Historically, density is measured rather than modulus because it is easier to do so. The adequacy of density as a surrogate measurement for modulus depends on empirical relationships between density and modulus that have been previously established for different soil types by laboratory or field testing. Since there are relatively large changes in modulus with relatively small changes in density, density must be measured with considerable accuracy. Recent technology innovations have led to development of rapid, portable, compact devices for field measurement of soil modulus. Devices include the Humboldt GeoGauge, Briaud Compaction Device, Prima Light-Weight Deflectometer, small-scale plate load tests, and the Dynamic Cone Penetrometer (using correlations). Significant research concerning the soil-structure interaction phenomenon has been performed in recent years. Because of this, the user community has a better understanding of the performance of the complex buried soil-pipe system. A large portion of the analytical work completed to date considers the soil stiffness of the embedment and backfill material as a primary design and analysis parameter. However, construction installation specifications still verify the structural suitability of embedment and backfill material using the tandem criteria of soil type coupled with Proctor Density. There are several shortcomings to this approach: · Proctor density is in its design a test for cohesive soils. Suitability of the test for noncohesive soils, such as the well graded granular materials used for pipe backfill, or coarse crushed-rock products, is questionable, · Field measurements of soil density are time consuming, cumbersome and unsafe. The standard use of nuclear density equipment is becoming increasingly problematic. The equipment requires specialized training, is subject to strict environmental regulations, and is considered a safety issue. · Current analytic models for prediction of the performance of the soil-pipe system consider laboratory determined soil modulus as a principal design parameter. o Finite element analysis using FHWA’s Culvert Analysis and Design (CANDE) program uses soil modulus in the representative soil models. o The Burns & Richard Elastic Solution uses soil modulus as a direct input parameter. o The Modified Iowa Formula uses E’ which is a measurement of soil stiffness. o The Standard Installation Design Design (SIDD) method for reinforced concrete pipe uses soil modulus in determining the Heger Soil Pressure Distribution. The proposed project has five significant objectives: · Conduct a comprehensive survey of recent, ongoing and planned modulus-based construction research. · Correlate field gage soil modulus measurements to tabulated modulus values based on soil type coupled with Proctor Density. · Investigate usefulness of soil modulus gages in the marketplace, for assessing culvert backfill properties. · Collect soil modulus data for a range of soil, culvert and construction methods, to assess modulus values and variability. · Develop recommendations for establishing compaction target values. · Develop a standard test method for incorporation into AASHTO specifications. | E18: AFF70, Culverts and Hydraulic Structures | F18: Equity | G18: Environment | N18: Operations | O18: Maintenance | P18: Highways | Q18: Pipelines | R18: Construction | S18: Design | T18: Bridges and other structures | W18: 0 | X18: 0 | Y18: 0 | Z18: =SUM(W18:Y18) -> 0
A19: Bedding Design for Culverts and Underground Structures to Improve Performance and Reduce Cost | B19: http://rns.trb.org/dproject.asp?n=29388 | C19: 40981 | D19: RESEARCH PROBLEM STATEMENT The thickness of bedding under buried pipes is often set at "standard" values, without regard to cost or engineering requirements. Most concerns, with regards to bedding, relate to the minimum thickness, firmness, and the aggregate size. In current specifications, the specified bedding thickness is often the same, regardless of the fill height. Designs are most often based on minimum bedding thickness, which usually relate to a worst-case scenario with regards to bedding effects. Some concerns have arisen regarding structures and the appropriate bedding thickness when deep fills are encountered. These concerns are magnified in the case of a hard foundation. This research will especially address six (6) issues on Congestion, Energy and Environment, Infrastructure, Emergency Preparedness, and Safety. Determine the effect of variable bedding thicknesses on the design and performance of pipe, box sections, and structures under deep fills. This would include answering the following questions: · What effects does an increased bedding thickness have on the design and how do these effects relate monetarily to the product cost – initially and in the long term? · Is the design benefit derived from an increase in bedding thickness proportional to the depth of fill? This means development of a bedding factor as a function of bedding height. · What thickness of bedding is required to mitigate the effect of a rough and/or hard trench bottom (e.g. blasted bedrock). · What is the relative performance of the different specified bedding materials? | E19: AFF70, Culverts and Hydraulic Structures | F19: Equity | G19: Environment | H19: Economy | N19: Construction | O19: Maintenance | P19: Highways | Q19: Pipelines | R19: Construction | S19: Design | T19: Bridges and other structures | W19: 0 | X19: 0 | Y19: 0 | Z19: =SUM(W19:Y19) -> 0
A20: Inspection Around Existing Deep Sewers and Tunnels for Restoration and Rehabilitation | B20: http://rns.trb.org/dproject.asp?n=29386 | C20: 40981 | D20: III.RESEARCH PROBLEM STATEMENT With the age of highway structures under freeway and trunk highways approaching 50 years, there is a need to inspect and repair these systems. These structures, located beneath the roadbeds, sometimes at great depths, will require that they and surrounding materials be inspected from within the structure itself. Through the years, as groundwater has infiltrated the joints, it has carried with it some of the surrounding soil which has caused voids to form around the structure. In addition, piping of water flows has potentially removed soil support from beneath the structure. To the extent that voids and soil support problems exist around these structures, research is needed to determine cost effective means of detecting and locating these voids from within the structures. The objective of this research is to assist state, federal and local government agencies to inspect and remediate their sewer, culvert, and storm tunnel structures using technology and equipment that is cost effective and dependable. The ability to determine the size and location of the voids and then prepare contracts for their repair is the desired outcome for the government agencies. In some cases, where critical soil support is missing, immediate repairs may be made to avert structure collape, and related problems. The safety of workers making the inspections and repairs will also be improved where significant void problems exist. | E20: AFF70, Culverts and Hydraulic Structures | F20: Equity | G20: Environment | N20: Maintenance | O20: Construction | P20: Highways | Q20: Pipelines | R20: Construction | S20: Design | T20: Bridges and other structures | W20: 0 | X20: 0 | Y20: 0 | Z20: =SUM(W20:Y20) -> 0
A21: Trenchless Utility Pipe Installation and Replacement Under Highways to Minimize Traffic Disruption and Other Direct and Indirect Costs | B21: http://rns.trb.org/dproject.asp?n=29385 | C21: 40981 | D21: III. RESEARCH PROBLEM STATEMENT Trenchless construction is the process of installing and replacing underground infrastructure without open-cut excavation. The use of technology like pipe jacking, micro-tunneling, horizontal directional drilling, guided boring, pipe bursting, and pipe splitting has significantly increased in recent years, driven by the need to install new pipe systems and rehabilitate aging sewers, culverts and distribution pipelines. Critical applications include conduit crossings under highways, streets, railroads and other transportation lines, where use of trenchless technology can reduce disruption to transportation and problems associated with backfilled trenches. While use of this technology is increasing, it is largely a contractor driven industry and engineers representing infrastructure owners, geotechnical consultants, and others still have questions regarding disturbance to overlying infrastructure like pavements, and buildings, and other buried infrastructure that occurs in the vicinity. The expansion of soil around pipes being replaced or the excavation of ground for installation of new pipes can result in ground heave or settlement. The soil loads, pulling forces, and possible damage to the new pipes being installed are also influenced by the trenchless construction processes. Use of pressurized drilling mud, particularly during directional drilling, can lead to blowout or hydrofracture of the soil surrounding the boring, and significant environmental consequences. In addition to studies of the physical phenomena associated with trenchless replacement or installation, there is a need for comparative data relative to more traditional techniques, so they can be judged on the same basis. Field monitoring on typical projects is need to examine the performance of existing and proposed design procedures. This proposal will have the following research objectives: · To quantify the relationship between the in-situ soil, cutting or expansion mechanisms, soil loads and pipe structure. · To examine the effect of vehicle loads on pipelines installed or replaced by trenchless methods beneath existing roadways, and to examine the impact on the road pavement and adjacent buried services. · To evaluate new design tools for estimating ground deformations and for preventing mud loss during construction. · To review in detail case studies involving successful and unsuccessful use of this technology. · To synthesize existing research on both the effects of open-cut technologies on the surrounding environment, and on the relative total costs of trenchless and open-cut technologies. · To develop or update design guidelines for pipe jacking, micro-tunneling, horizontal directional drilling, guided boring, pipe bursting, pipe splitting and equivalent technologies. | E21: AFF70, Culverts and Hydraulic Structures | F21: Equity | G21: Environment | N21: Construction | O21: Maintenance | P21: Highways | Q21: Pipelines | R21: Construction | S21: Design | T21: Bridges and other structures | W21: 0 | X21: 0 | Y21: 0 | Z21: =SUM(W21:Y21) -> 0
A22: Culvert and Storm Drain Management System | B22: http://rns.trb.org/dproject.asp?n=29384 | C22: 40981 | D22: RESEARCH PROBLEM STATEMENT A great deal of guidance has been developed on culvert durability, inspection procedures, and rating systems. This information has been used by departments of transportation as well as local agencies to estimate service life and level of deterioration of their culvert infrastructure. In addition, a number of highway agencies have implemented, to various degrees, culvert inspection programs, which incorporate formalized inspection scheduling and documentation. Most of these programs, however, are not tailored to a national audience, are not comprehensive in addressing all structural, hydraulic, geotechnical, and environmental issues, and do not produce condition and performance data compatible with culvert management strategies and systems. The Federal Highway Administration (FHWA) developed a comprehensive program in 1986 to address the global need to identify, quantify and rate culverts. The end product was the publication titled “Culvert Inspection Manual,” FHWA-IP-86-2. There is a critical need to update this publication to incorporate new pipe technology products including materials (plastic pipe), coatings, and rehabilitative linings. These new technologies require the inclusion of new inspection guidelines and procedures for both culverts and storm drain systems. Facilities designed to accommodate aquatic organism passage (AOP), specifically open-bottom shapes and embedded closed-bottom culverts, are becoming a national focus and need more detailed assessment guidance than that found in the FHWA “Culvert Inspection Manual”. Advances in the methodologies used to determine durability, performance, and service life estimation are of critical importance and should be revisited to ensure conformity with current best practices. In addition, significant advancements have taken place on remote access inspection techniques and digital camera technologies for assessing restricted-access pipes and culverts since the development of the FHWA manual, which are typically used on the inspection of many storm drainage projects. In conjunction with this effort, there is a critical need for a comprehensive, state-of-the-art computerized tool for documenting and managing culvert and storm drain facilities once they are identified, evaluated, and rated. A culvert management system would serve as a database for culverts and storm drain pipe inventories and assist with recording locations, tracking evaluations of condition and performance, scheduling inspection and maintenance activities, and selecting and budgeting rehabilitation and replacement activities. This research project consists of integrating the data obtained from inspections into a comprehensive management system for electronically documenting, tracking, and managing these facilities. Background information on culvert management systems (CMS) can be found in FHWA IF-07-032, “Culvert Management Systems.” | E22: AFF70, Culverts and Hydraulic Structures | F22: Equity | G22: Environment | N22: Maintenance | O22: Construction | P22: Highways | Q22: Pipelines | R22: Construction | S22: Design | T22: Bridges and other structures | W22: 0 | X22: 0 | Y22: 0 | Z22: =SUM(W22:Y22) -> 0
A23: Electrochemical Corrosion Repair of Concrete Culverts | B23: http://rns.trb.org/dproject.asp?n=29383 | C23: 40981 | D23: RESEARCH PROBLEM STATEMENT Recent work with Kennedy Space Center, FL, has demonstrated that reinforced concrete can be strengthened while corrosive chlorides are removed by using electrochemical repair treatments. Such a treatment uses low voltages (<40 V) to extract chlorides from the concrete while simultaneously inserting positively charged pozzolanic nanoparticles. The hardened cement paste phase in concrete can contain as much as 50% calcium hydroxide. Thd nanoparticles can rapidly convert this paste to more of the C-S-H binder material that is already found in concrete. Lab results have demonstrated that 3-5 day treatments have increased concrete tensile and compressive strengths by over 100% and have reduced the migration rate of chlorides by a factor of seven. Conventional chloride extraction alone does not increase strength and can actually cause damage. The assembly of a treatment setup involves standard trenchless technology bladders that hold treatment liquids within a given section of pipe. Prior to treatment, gross cracks are patched with non-shrinking grout. Evaluate the effectiveness of this treatment method in the laboratory and field with the goal of making it commercially viable. The proposed work would include treatment of lab and field core samples followed by treatment of full scale culverts. | E23: AFF70, Culverts and Hydraulic Structures | F23: Equity | G23: Environment | N23: Construction | P23: Highways | Q23: Pipelines | R23: Construction | S23: Design | T23: Bridges and other structures | W23: 0 | X23: 0 | Y23: 0 | Z23: =SUM(W23:Y23) -> 0
A24: Methods to Optimize Source Allocation and Field Evaluation of Construction Aggregates | B24: http://rns.trb.org/dproject.asp?n=29367 | C24: 40976 | D24: I. Problem Construction aggregates make up more than 80 percent of the total aggregates market, and are used mainly for road base, riprap, cement concrete, and asphalt. As the transportation infrastructure continues to age and grow, the need for repairs, reconstruction and new construction grows, and the demand for aggregates expands. Nevertheless, high quality aggregate materials are becoming increasingly scarce and expensive in many parts of the country because gravel mines and rock quarries are being lost to other land uses. These aggregate materials are classified for use and placed in quantities based on specifications and testing techniques that are not always linked to the application of the aggregate resource. Though the traditional procedures and current specifications have been adequate and have generally produced long lasting roads, there is likely significant opportunity for better value to be achieved in sustainable engineering practices. For example, locally available aggregates, manufacturing byproduct materials and recycled granular materials with different quality standards and properties can be used to replace the unsuitable soil, construct a road base/subbase layer, or substitute virgin aggregates used in bound layers of asphalt and cement mixes. To properly identify aggregate source quality linked to aggregate properties, the next level of advancement in property characterization is in quantifying aggregate morphological properties, i.e., shape, texture and angularity. The shape properties no doubt provide improved aggregate specifications over the currently used size distributions or gradations obtained from laboratory sieve analyses. Accurate and rapid methods have been recently developed based on imaging and laser detection techniques that work reliably in laboratory settings to quantify the physical shape characteristics of aggregates (NCHRP 4-30A, "Test Methods for Characterizing Aggregate Shape, Texture, and Angularity" and NCHRP 4-34, "Application of LADAR in the Analysis of Aggregate Characteristics"). Yet, there is a need to properly evaluate shape properties of available aggregate sources directly in the field, at the quarries or construction sites, in relation to meeting performance demands of that certain aggregate usage in the desired transportation infrastructure application. Note that, high resolution camera based field aggregate size and shape property evaluation could yield estimates of such measures directly from the captured images at an aggregate source location. Already matured available image analysis techniques, such as low level multi-scale segmentation, could allow processing multiple aggregate particles captured in a field photo by using the same accurate and rapid technology currently available in laboratory imaging devices for quantifying the shape, texture and angularity properties of individual aggregate particles. II. Objective The objective of this research is to develop effective field testing and evaluation methods to optimize the source allocation and use of aggregates in transportation infrastructure based on the physical properties of the available aggregates such that pavement performance is maintained or improved and economy is optimized. Aggregate source allocation and GIS based management of aggregate supply chains and optimizations of source aggregate quality are key components to address road construction demand and performance requirements and the shortest haul distances to road construction sites within a state or a region. Such a GIS based aggregate source management component will be developed to identify, within a panel of potential gravel pits/rock quarries, those of best location for the supply of aggregate materials with respect to their transport costs to a specific highway construction project, yet still satisfying pavement design (i.e., structural adequacy) and service life performance requirements. The methodology will be to characterize locally available materials through improved field testing and evaluation methods for physical properties, use aggregate tests better linked to its field application, and accordingly, revise material specifications. The research approach will use high resolution images captured in the field from stockpiles in aggregate quarries/pits and/or construction sites, and develop computational algorithms to process aggregate particles for size and shape properties from the field captured images. Reasonable estimations/ predictions of those essential mechanical properties could be provided by validated modulus and strength correlations. This way, better comparative performance evaluations can be established through improved tests performed at the quarry source or transportation agency laboratories as well as through collected field performances addressing effects of aggregate properties, such as gradation (size), shape, texture, angularity, percent fines, plasticity index, etc. on the aggregate structural, i.e., strength and modulus, and drainage behavior. New aggregate blends and improved designs based on aggregate properties can be developed to demonstrate the influence of property adjustments on performance improvements. | E24: AFP70, Mineral Aggregates | F24: Sustainable | G24: Economy | K24: Efficiency | N24: Construction | O24: Maintenance | P24: Highways | Q24: Design | R24: Pavements | S24: Geotechnology | W24: 0 | X24: 0.5 | Y24: 0 | Z24: =SUM(W24:Y24) -> 0.5
A25: Residual Capacity of Fire Damaged Surface Transportation Structures | B25: http://rns.trb.org/dproject.asp?n=29362 | C25: 40975 | D25: I. Research Problem Statement Fire, although an infrequent load, constitutes a severe load which can compromise the integrity of a transportation structure. Fire can significantly alter the mechanical and durability properties of the concrete and steel used in these structures. Immediately after a fire event, the residual capacity of a fire-loaded structure must be assessed for determination of whether the structure can remain in service. Unfortunately, the lack of quantitative assessment procedures has frequently resulted in structure owners choosing to close and replace structures based on visual perception of surface damage. This type of emergency replacement tends to be prohibitively expensive and can have significant impacts on the traveling public. Research is needed to facilitate the development of guidance for the assessment of post-event damage and for the determination of residual capacity. Although there is a long history of research assessing the performance of materials under fire, there has been little research completed on the full-scale structural performance of transportation structures under fire loading, particularly in regard to the post-fire residual capacity. Recent advancements in fire testing laboratory capabilities are now making it possible to test full-scale highway bridge structures under realistic fire conditions in a controlled environment. As such, the transportation community now has the opportunity to begin to quantitatively address the structure-level deterioration caused by fire loads, eventually leading to formal guidance as to residual capacity of structural elements. Although nearly any transportation structure could be impacted by fire loading, slab-on-stringer highway bridges which are the workhorse of the U.S. highway system are proportionally susceptible due to the large number of these structures. This research problem statement proposes to investigate the performance of both concrete and steel girder bridges with concrete decks when subjected to common fire loading scenarios both above and below the bridge. The fire loading would be sufficient to induce significant damage into the structure. After the completion of the fire loading, the tested structure would be assessed for damage indicators. Finally, the structure would be loaded to failure to determine the residual service and ultimate load capacities. | E25: AFF10, General Structures | F25: Environment | N25: Maintenance | O25: Construction | P25: Highways | Q25: Maintenance and Preservation | R25: Materials | S25: Bridges and other structures | W25: 0 | X25: 0 | Y25: 0 | Z25: =SUM(W25:Y25) -> 0
A26: Acceptable Heat Affected Zone Toughness of A709 Bridge Steel | B26: http://rns.trb.org/dproject.asp?n=29365 | C26: 40975 | D26: I. RESEARCH PROBLEM STATEMENT Research must be performed to establish the acceptable limits of heat affected zone (HAZ) toughness for all welding processes currently allowed by the AASHTO/AWS D1.5 Bridge Welding Code (SMAW, SAW, FCAW, GMAW, and ESW) using ASTM A709 bridge steels. It is well established that the most brittle part of a ferritic steel weld is in the HAZ due to its coarse grained structure and carbide dissolution due to the weld thermal cycle. The American Welding Society (AWS) has never prescribed a HAZ toughness requirement for welds used in bridge fabrication. The only qualifications of weld metal prescribed in the AWS Bridge Welding Code (AWS D1.5) are macroetches, side-bend tests, reduced section tension test, Charpy V-notch (CVN) and all-weld-metal tension tests. While the side bend and reduced section tension test do include the HAZ, each is just a statically loaded test. Since bridges are subject to variable loading, fatigue and fracture become a concern and AWS currently does not prescribe a dynamic test that includes the weld HAZ. Other industries outside of bridge commonly perform HAZ toughness testing as part of their welding procedures. The CVN test may be used; this entails cutting a longer than normal specimen, macroetching it to identify the HAZ location, then cutting out a CVN specimen such that the notch is in the HAZ. While the test does nominally increase the cost to the qualification of a welding procedure, it is recognized in other industries to be integral to the development of sound welding procedures. The use of crack-tip opening displacement fracture testing has also been successfully implemented to measure HAZ toughness. HAZ toughness measurement was performed in development of the Narrow Gap Improved Electroslag Welding (NGI-ESW) process sponsored by FHWA in the 1980’s and 90’s. As plates became thicker and higher strength they required higher heat inputs and this adversely affected the HAZ toughness. In some cases, depending if it was a fracture-critical application or not, the resulting HAZ toughness was inadequate when using the AASHTO requirement for base and weld metal. Unfortunately, NGI-ESW welding process may be unnecessarily penalized because some owners require HAZ testing of ESW but not other processes. Some ESW research has shown in certain situations it may have inadequate HAZ toughness leading owners to specify this additional testing, though AWS and AASHTO are both silent on what the HAZ toughness should be. HAZ properties are a function of the base metal, the welding process, and its execution. II. LITERATURE SEARCH SUMMARY A TRID search was performed using the search terms “HAZ” AND “toughness”. There were multiple hits that discussed the testing of HAZ toughness in the marine and offshore industries. While this research maybe of relevance in a literature review for the proposed problem statement, these other research did not use ASTM A709 steels. The most relevant literature that was identified was a FHWA sponsored project entitled “Fracture Toughness and Weldability Tests for Submerged Arc Welded Joints, FHWA/RD-87/020”. This project did investigate the HAZ toughness issue in A514 and A588 steels that were welded with SMAW and SAW processes. This research did identify that HAZ toughness can be lower than the weld metal, however a recommendation of the project was further research to determine the significance of the lower values. It should also be noted that since this research was performed, HPS steels have been introduced to the market, the A514 material has been removed from the A709 specification, and the project did not evaluate FCAW, GMAW, and ESW welding processes. FHWA also sponsored a project entitled, “Heat-Affected Zone Toughness of Electroslag Weldments, FHWA-RD-93-014” to investigate the HAZ toughness of electroslag welds. It showed that ESW welds in A36 and A588 could achieve Zone 2 non-fracture-critical toughness, but highlighted the sensitivity of making this measurement and urged the need to minimize the heat input to attain desirable CVN toughness. Again, this project was limited to the testing of A36 and A588 steel and just one welding process. III. RESEARCH OBJECTIVE The objective of the research project is three-fold; · Experimentally determine the HAZ toughness of many types of A709 steels using the five allowable welding processes of AWS D1.5. This should explore maximum heat inputs that are allowed by AWS through the use of existing qualified weld procedures for a variety of different types of A709 steel and thicknesses. · Since the first objective focuses on current acceptable welding techniques, analyze the HAZ toughness criteria to determine an acceptable target of HAZ toughness, and · Recommended changes to relevant AASHTO or AWS documents to enforce HAZ toughness requirements. | E26: AFH70, Fabrication and Inspection of Metal Structures | F26: Society | N26: Construction | P26: Construction | Q26: Design | R26: Materials | S26: Research | T26: Bridges and other structures | W26: 0 | X26: 0 | Y26: 0 | Z26: =SUM(W26:Y26) -> 0
A27: LRFD Calibration of Differential Support Settlement | B27: http://rns.trb.org/dproject.asp?n=29359 | C27: 40974 | D27: RESEARCH PROBLEM STATEMENT Geotechnical designers need absolute support settlement to size spread footings or to tip the piles for Service Limit State loads. However, structural designers are more concerned with differential settlement that can develop forces in the superstructure components. Both absolute and differential settlements can be of interest to maintenance engineers. When evaluating settlement, both short-term and long-term components must be considered in design. Current AASHTO LRFD specifications do not provide clear and concise explanation of the two components, corresponding load factors, and the limits to be used in design. Since absolute and differential settlement criteria are based on engineering assumptions and judgment rather than systematic scientific research findings, associated overestimate or underestimate in the allowable limits of settlement may adversely affect safety and functionality of the bridge or increase construction costs. Scientific criteria are needed to provide more efficient foundation design. Bridge foundation construction costs can be reduced significantly by using more realistic settlement criteria that will produce a more cost-efficient design. This research will support two areas of the SCOBS “Grand Challenges”: - optimizing structural systems, and - advancing the AASHTO specifications V. RESEARCH OBJECTIVE The research objective is to develop bridge foundation settlement criteria to improve design accuracy, safety, and economy. Research findings will discover the effects of differential settlement on the long-term performance and serviceability of both substructure and superstructure, including ride quality, joint performance, and other maintenance issues. | E27: AFF10, General Structures | F27: Economy | K27: Safety | L27: Efficiency | N27: Construction | O27: Maintenance | P27: Highways | Q27: Design | R27: Geotechnology | S27: Bridges and other structures | W27: 0 | X27: 0.5 | Y27: 0.5 | Z27: =SUM(W27:Y27) -> 1
A28: Water Conservation Practices for Highway Transportation Construction and Road Operations and Facility Management | B28: http://rns.trb.org/dproject.asp?n=29358 | C28: 40974 | D28: RESEARCH PROBLEM STATEMENT Water is a precious finite resource in the United States and throughout the world. Water resource limitations are currently and expected to be one of the main environmental challenges facing the United States as population growth and unsustainable water practices continues. It can be argued that we in the United States are not paying for the real cost and benefit of water as local and regional water resources are decreasing in quality and quantity. Aquifer depletions for domestic and agricultural water demands are unsustainable. Surface systems continue to have high depletion demands that are impacting water quality and quantity requiring hydrologic modifications for collection and storage. Water depletions in some water systems have caused environmental impacts that have affected threatened and endangered species (South Platte River) that impact water usage for transportation projects and operations (U.S. Fish and Wildlife Service, Mountain-Prairie Region, August 9, 2007). It is expected that water resources, particularly in the Western U.S. but increasingly in other parts of the country, will also be stressed from climate change where median temperatures and temperature extremes are expected to increase. Climate change will have a large impact on transportation operations and their use of water especially for re-vegetation and soil stability after construction and operation of maintenance facilities not served by public water. As examples, a rest area in Colorado used over 10 million gallons of water annually at a cost of $15,000 per year, primarily for lawn irrigation and in parts of the I-43 corridor of Wisconsin the groundwater table has receded 50-100 feet. The cost of water is expected to increase due to availability and the cost of new or restructured dams. Examples of transportation-related activities that consume significant quantities of water include: hydro-seeding, pavement marking operations, conditioning for soil compaction, dust suppression, street cleaning, bridge washing, vehicle/equipment washing, landscape establishment/maintenance, brine production, rest area operations. There is limited information to guide state and local Departments of Transportations (DOTs) in planning and implementing water conservation programs. This research project will develop water conservation guidance for transportation programs and projects during transportation design, construction, operation and maintenance and at administrative and maintenance facilities. The research will identify water conservation measures that will reduce short and long-term costs while helping maintain finite water resources (ground and surface waters). It is recognized that water resources and conservation techniques and will differ geographically within the United States; however the need for conservation now and in the future is important. Research will be performed on reduction effectiveness and cost/benefit. Sustainable water conservation programs will help reduce stream and groundwater environmental impacts, construction and operational costs and the regional need for additional expensive hydrologic structures to provide more water. LITERATURE SEARCH SUMMARY There is very limited if any water conservation guidance for state and local DOTs based upon an initial literature review. Water conservation guidance towards highway specific water conservation and efficiency programs is lacking or non-existent in Transportation Research Board (TRB), American Association of State Highway & Transportation Officials (AASHTO) and other transportation literature. Literatures searches using TRIS online, the Research In Progress (RIP) and AASHTO TERI databases provide no previous research related to conservation planning . RESEARCH OBJECTIVE The research objective is to identify short and long term cost effective conservation strategies that take into account current and future water resource conditions. Research will be performed to evaluate specific DOT water usage, areas of waste and cost savings. The research study will provide guidance on how to develop and implement a water conservation plan and identify specific water conservation practices for DOT staff involved in transportation planning, design, construction and operation and maintenance. Appropriate metrics to assess the impact of these practices also need to be developed. The research project will survey state DOTs on existing water conservation programs, best management practices, cost savings and environmental impact reductions. There is a research emphasis on innovative water conservation practices such as but not limited to water recycling/reuse potential, small scale water treatment, water harvesting, gray water usage, and low-water landscaping design strategies. Research will also address current and projected water conservation actions in light of climate change impacts using appropriate metrics. VI. ESTIMATE OF PROBLEM FUNDING AND RESEARCH PERIOD Recommended Funding: $150,000 including travel and other direct costs. Note that this project may be an appropriate candidate for NCHRP 25-25 funding. Research Period: 12 months VII. URGENCY, PAYOFF POTENTIAL, AND IMPLEMENTATION Anticipated Products The guidance document will be a reference on how to develop and implement a water conservation program for all steps within the transportation process and facilities. The guidance document will include potential water conservations techniques that are cost effective over the short and long term context with an emphasis on impacts from anticipated climate change. Research Project Steps Step 1- Literature Review of Existing Water Conservation Practices- perform a literature search on state DOT or other agency water conservation programs and practices within different climatic regions of the United States. Telephone conversations with DOTs, universities or other references will be performed to discuss lessons learned from programs development and implementation; research will expand internationally as appropriate to identify additional water conservation ideas and practices. Deliverable- Technical Memorandum #1 Step 2- Evaluation Water Conservation Practices- compile a menu of water conservation practices that can be used by state and local DOTs in each of the transportation areas associated with NEPA analysis, design, construction, operation and maintenance and facility management. There will be an analysis of practices to reduction effectiveness, advantages/disadvantages, reduced environmental impacts, practicality, legal constraints, practicality and equipment needs, and cost effectiveness; Deliverable- Technical Memorandum #2 Step 3 â€“ Development of Guidance Document Outline and Draft/Final Report and Guidance Documents- develop draft guidance document outline for TRB review and comment. Develop draft water conservation report and guidance document for TRB review and comment; develop final water conservation report and guidance documentation. Provide Power Point Presentation to TRB that can also be used as a training tool for state DOTs. Relationship to sponsorâ€™s strategic goals and policy initiatives â€“ This item fits into the committees research priorities that include identification of the efficient use of resources. | E28: ADC60, Waste Management and Resource Efficiency in Transportation | F28: Sustainable | K28: Non-renewable Resources | N28: Systems Planning | P28: Highways | Q28: Maintenance and Preservation | R28: Planning and Forecasting | S28: Energy | T28: Environment | W28: 0.5 | X28: 0 | Y28: 0 | Z28: =SUM(W28:Y28) -> 0.5
A29: Repair of Older Bridges by Welding | B29: http://rns.trb.org/dproject.asp?n=29360 | C29: 40974 | D29: Research Problem Statement This project will contribute to implementing AASHTO-HSCOBS “Grand Challenge 1: Extending Service Life.” Severely limited budgets necessitate cost-effective repair of older bridges. Repairing a member of a metal bridge is frequently less expensive than fabricating a new one. If the bridge is historic, there is an additional cultural benefit of preserving members because they are primary witnesses to the nation’s industrial heritage. Arc welding is economical for localized repair of damaged steel and iron members. Corroded areas can be restored to original profile by padding, and new steel can be joined to old to replace severely damaged sections. However, engineers are reluctant to specify welded repairs to old material, in part because AWS codes do not pre-qualify welding procedure specifications for wrought iron or for steel produced before the introduction of Grade 36, circa 1962. Engineers need to know when welded repairs are and are not appropriate, and what should be included in welding procedure specifications in order to guarantee acceptable results. Weldability is the capacity of a metal to be welded and to perform satisfactorily in the intended service. In general, weldability is best for highly ductile metals. Ductility of iron and steel is inversely related to proportions of certain non-iron elements, primarily carbon. The upper limit for carbon in Grade 36 steel is 0.29%; earlier structural steels, although typically low in carbon, had no specified limit. Steel with carbon content between 0.3% and 0.5% can be welded successfully with appropriate pre- and post-heating. Bridges built in the nineteenth century are more likely to be wrought iron rather than steel. Wrought iron is a composite of iron and threads of slag, with a pronounced grain structure. Carbon content typically is less than 0.3%, but phosphorus can range as high as fifteen times the upper limit for Grade 36 steel. Usually, “wrought iron can be welded easily by any of the commonly used processes, such as… arc welding…1,” as was demonstrated recently2,3 with samples from several historic bridges. However, tests by Gordon and Knopf4 indicate that “…if the average phosphorus content exceeds about 0.3%, the metal is likely to have inadequate toughness…” Grades, mechanical properties, and chemical composition of old metals cannot be determined by visual inspection, and contract documents that might include that information frequently are not available. Ductility of steel, but not of wrought iron, can be estimated by correlation with the results of indentation hardness tests, and there are ASTM standard chemical tests for carbon and phosphorus. Unfortunately, the latter test may be inaccurate for wrought iron because some of the phosphorus resides in the slag threads. Gordon and Knopf4 report detection of excessive phosphorus by metallographic examination. Cast iron fittings are common in early bridges, and cast iron compression members are found in the most venerable bridges. Duplication of broken cast iron parts is expensive. Creating functional replacements from structural steel may not be feasible and would compromise the integrity of a historic bridge. The high carbon content and brittleness of cast iron make welding difficult, involving careful pre-heating, control of heat input during welding, and gradual cooling of the finished weldment. IV. Literature Search Summary A list of sources is included below that provides references for this problem statement and will be useful to this project. Of note, the AASHTO/AWS Bridge Welding Code5 does not cover repair of existing structures although the Structural Welding Code6 does. The former lists mechanical tests and inspection methods for welded fabrication of new bridges. The latter briefly discusses assessment of weldability of unknown steels and cites references on welding wrought and cast iron. The TRIS+ITRD data base lists case studies of welded repairs and of properties of wrought iron (mostly from the UK). The TRB-RIP lists a project on analysis of fracture-critical bridges. The TRB publications index lists a report on repair guidelines7, a paper on tests of field welding repair techniques8, a literature survey on welded repair of cracks in steel members9, and a mathematical model relating weldments to fatigue strength10. These publications may also be useful in this research. 1. Welding Handbook, American Welding Society, third edition, 1950. 2. Evaluation and Repair of Wrought Iron and Steel Structures in Indiana, M. D. Bowman & A. M. Piskorowski, FHWA/IN/JTRP-2004/4. 3. Arc Welding Fundamentals for Historic Bridges, L. Yost, unpublished presentation, Seventh Historic Bridges Conference, 2001. 4. “Evaluation of Wrought Iron for Continued Service in Historic Bridges,” R. Gordon and R. Knopf, ASCE Journal of Materials in Civil Engineering, July/August, 2005. 5. Bridge Welding Code, AASHTO and American Welding Society, 1996. 6. Structural Welding Code - Steel, American Welding Society, 2008. 7. Guidelines for Evaluation and Repair of Damaged Steel Bridge Members, NCHRP report 271, 1984. 8. “Test of Welding Technique for Repair of Steel Highway Bridges,” TRR v. 1, n. 950, 1984. 9. Welded Repair of Cracks in Steel Bridge Members, NCHRP report 321, 1989. 10. Effects of Weldments on Fatigue Strength of Steel Beams, NCHRP Research Results Digest, n. 18, 1970 V. Research Objectives The broad objectives of this research are to provide information that an engineer must have in order to determine if welded repair of an old bridge is prudent, and to guide preparation of appropriate welding procedure specifications. The focus is on wrought iron, structural steel produced before 1962, and cast iron. The research will investigate tests for evaluating weldability, welding procedures, and inspection methods. The deliverable products will be one or more publications that document data and correlations; evaluate applicability of the tests, welding procedures, and inspection methods that were investigated; state the conditions under which welded repair is and is not advisable; and recommend welding procedure specifications. The first phase of the project will include: literature search and review, procurement of commitments to provide a wide variety of old metals, and design of the research plan. The second phase will commence on approval by the oversight committee and will include: Non-destructive tests for material properties that affect weldability (e.g., chemical analysis, indentation hardness, metallographic examination), Fabrication of representative weldments (e.g., butt and lap joints of new material to old, padding), using several welding processes (e.g., SMAW, FCAW, SAW) with varying filler metals, pre- interpass- and post-heating, Inspection using standard methods (e.g., visual, penetrant, ultrasonic, radiographic), AWS tests for weldability (e.g., tensile strength, bending tests for ductility, macroteching), Correlation of weldability to material property test results, Development of recommended guidelines for welding procedure specifications that are appropriate to properties of the materials, and Documentation and publication of results and recommendations. | E29: AFF10, General Structures | F29: Society | N29: Maintenance | P29: Construction | Q29: Design | R29: Maintenance and Preservation | S29: Materials | T29: Bridges and other structures | W29: 0 | X29: 0 | Y29: 0 | Z29: =SUM(W29:Y29) -> 0
A30: Estimating the Economic Value of Historic Properties for Purposes of Mitigation under Section 106 of the National Historic Preservation Act | B30: http://rns.trb.org/dproject.asp?n=29245 | C30: 40938 | D30: Problem: Mitigation for the adverse effects to historic properties under Section 106 of the National Historic Preservation Act often entails an “economic” exercise of trying to estimate the value of the historic property adversely affected, and taking an action commensurate with the loss. Unfortunately, the value of an historic property is difficult to estimate. An old photograph of family members long gone might fetch a few pennies at a yard sale, but its owner might not be willing to part with it for thousands of dollars. In the case of a building, the real estate value of a historic building might be low, due to the location and condition of the building, but the historic value of the building might be great insofar as many people might see a strong connection between the building and their personal history. Similarly, with archaeological sites, the historic value of the site is calculated as the cost of recovering the important information that might be lost; however, this presumes that the conducted work will recover that information. Also, it presumes that the archaeological site has no other intrinsic value, such as the presence of ancestral burials. For historic bridges, the economic value of the bridge might actually be negative. The cost of rehabilitating the bridge might greatly exceed the cost of simply replacing the bridge and selling the old bridge for scrap. Yet many of us are emotionally attracted to an old metal truss bridge and would wish it to be preserved. And indeed at many locations, state transportation departments make a decision to rehabilitate a historic bridge knowing that on pure economics a replacement would be better. Section 4(f) recognizes the historic value of a bridge or other historic property and requires that preventing the loss of the property entail extraordinary costs. As historic preservationists and cultural resource managers, we routinely have to deal with the loss of a historic property, i.e. an adverse effect. Each and every time, we have to devise or divine an appropriate mitigation that “makes up for” the loss of the historic property. For archeology, the easiest approach is to estimate the cost of conducting archaeological research. However, that cost is subject to variation since all archaeological research is a matter of sampling and methodology. A site could be mitigated at 0.5% with a backhoe or mitigated at 5% with shovels and spoons. The costs could vary by a magnitude or more, yet each could be defended as recovering the important information. For historic buildings and for bridges, we record them to HAER standards and we move them to a different location. We buy easements and do historic research, and popular outreach. In each case we say that the effort mitigates the adverse effect, with the presumption that the effort was commensurate with the loss. But we have no way to confirm that. Objective: To establish a consistent methodology for assessing the economic value of historic properties, including archaeological sites, taking into account historic values. It would be expected that this research would be conducted in two phases. The first phase would be a survey of the costs of common mitigation actions across different states to establish a record of common practice regarding valuation. The second phase would be to survey different methodologies for valuing historic properties such as contingent valuation methodology, willingness to pay models, cost of production (similar to what occurs on archaeological sites), etc. Different methodologies would be compared against each other to provide a replicable and understandable and consistent approach to valuing historic properties. Finally, results modeled from a methodology would be compared against actual surveyed costs to begin to answer the question of whether agencies are overpaying or underpaying for their mitigations. | E30: ADC50, Historic and Archeological Preservation in Transportation | F30: Society | G30: Environment | H30: Economy | K30: Efficiency | N30: Maintenance | P30: Highways | Q30: History | R30: Environment | W30: 0 | X30: 0.5 | Y30: 0 | Z30: =SUM(W30:Y30) -> 0.5
A31: Comparative Evaluation of Alternative Financing Costs and Benefits for Complex Transportation Projects. | B31: http://rns.trb.org/dproject.asp?n=29234 | C31: 40931 | D31: III. RESEARCH PROBLEM STATEMENT SHRP2 Renewal Project R-10 (Project Management Strategies for Complex Projects) found that the means by which a complex transportation project is financed can have a pronounced effect on the ultimate cost to design and construct it, as well as the final scope of work. It also found that financing and project delivery method were highly correlated. While financing state and federal highway projects is usually via public funding, airports, seaports, and transit agencies as well as transportation agencies at the municipal level have a variety financing instruments that are available and the use of public private partnerships (P3) is increasing in the highway sector. Each financing alternative carries with it a different set of constraints and each constraint creates an impact on the project delivery process. For example a transportation project funded with municipal bonds must be delivered at a cost that does not exceed the bonded amount. Additionally, the financing charges for the bonds themselves become a component of the overall cost to deliver that bit of public infrastructure. Hence, since financing costs are a direct function of time, selecting a project delivery method that accelerates the delivery period can accrue a marked savings in the overall project cost by reducing construction carrying costs. This in turn releases funding for additional infrastructure projects. This effect is more pronounced in public projects with a tangible revenue stream such as toll roads, transit systems, and airport parking structures. Starting the revenue stream as early as possible reduces the period over which the capital investment is amortized and again accrues a benefit through reduced carrying costs. SHRP 2 R-10also found that the real impact of construction financing is not well understood by the groups that make project delivery method selection decisions for public transportation agencies. Thus, research is needed to articulate the impact of project delivery method on the cost of financing so that the potential benefits and costs can be utilized in the decision-making process. Additionally, the impact of financing constraints on the final scope of work must also be studied to assist decision-makers in identifying projects that are good candidates for alternative financing. The research must also delve into the traditional state and federally funded project delivery methods to identify aspects of those methods where better understanding of the impact of financing on design and construction costs. For example, the traditional design-bid-build progress payment system with retainage clauses forces construction contractor to finance portions of a project using short-term unsecured loans (these current cost about 18% per annum) or through self-financing. The cost of the capital used to make payrolls and pay subcontractors and suppliers (called “carrying costs”) is added to the cost of the construction contract at bid time. Thus, an agency that enforces a mandatory retainage of 10% is forcing the contractor to finance 10% of the project costs and is paying the cost of financing in increased bid costs. The proposed research will detail the various traditional and alternative financing methods available to public agencies in practice; correlate them with the project characteristics, such as project delivery methods, where they would apply; and quantify the constraints, costs and benefit of each option. The target population will include all modes of transportation and extend into private and semi-private entities that furnish transportation services. It will then evaluate the impact of each financing method in the context of each project delivery method and detail the cost impact of pairing a given finance method with a given project delivery method. It will also assemble quantitative cost and schedule data from public agencies and develop simple algorithms that can be used by agencies as part of the project delivery method selection process. Finally it will identify and recommend those pairings that appear to produce a minimizing of financing costs. The proposed research should address the following questions: · What are the best practices for financing transportation projects? · Are there different financing schemes that only apply to single modes of transportation or specifically formed legal entities? · What are the roles of the engineers in selecting a project delivery method for a project whose financing method is fixed? · What are the advantages and disadvantages of various financing methods DBB, CMR and DB? · What types of projects are good candidates for project delivery with each type of financing scenario? · What are the barriers to changing the aspects of current complex project delivery that drive up the cost to finance a project and how can they be surmounted? IV. RESEARCH OBJECTIVE The main research objective is to produce a guide that explains the impact of alternative financing constraints within possible project delivery method decisions on the cost of financing to the engineers that make the project delivery decision. One of the major outcomes of this study is the discovery surmountable barriers to implementation. A second outcome will be a critical analysis of those features of current project delivery that unnecessarily drive up the cost of design and construction. The study will then assemble a set of best practices and conduct a comparative analysis that can be utilized by agencies wishing to implement consideration of financing costs in their transportation project delivery programs. The primary deliverable will be a guide that details the salient research findings and recommendation along with quantitative measures of effectiveness. Specific Tasks of the research to accomplish the main objective include: · Task 1 – Define the state-of-the-practice in construction financing through a comprehensive literature, the collection and analysis of relevant procurement documents, typical design and construction contracts. Review of enabling legislation and identify barriers to changing procurement requirements that trigger unrecognized financing costs; · Task 2 – Survey all state DOTs, transit agencies, airport authorities, and other public transportation agencies to identify the specific traditional and alternative financing practices that are currently used in conjunction with the various project delivery methods and other project delivery characteristics. · Task 3 - Select a representative set of case study projects from public transportation agencies with a varied set of construction financing experience that can be studied in depth to identify both best practices and lessons learned; · Task 4 - Prepare a research work plan that describes the details of the research methodology and methods for identifying best practices and developing conclusions; · Task 5 - Execute the research work plan and prepare an interim research report that articulates the data collection and analysis as well as emerging conclusions, best practices, lessons learned and a proposed outline for the guidebook; · Task 6 - Prepare the draft report evaluating the impact on construction financing costs of typical project delivery decisions such as selection of the project delivery method. Incorporate review comments as required and validate the report’s efficacy on a range of US projects. · Task 7 - Publish a monograph (20-30 pages) on the impact on construction financing costs of a cross-section of typical complex project delivery decisions and a final research report that details the full results of the research. | E31: AFH10, Construction Management | F31: Environment | K31: Efficiency | N31: Programming | O31: Project Development | P31: Highways | Q31: Administration and Management | R31: Construction | S31: Design | T31: Finance | W31: 0 | X31: 0.5 | Y31: 0 | Z31: =SUM(W31:Y31) -> 0.5
A32: Sustainable Modification of Performance-Graded Asphalts to Enhance Low-Temperature Properties | B32: http://rns.trb.org/dproject.asp?n=29233 | C32: 40931 | D32: Research Problem Statement During the Strategic Highway Research Program (SHRP), the performance-grading system that was developed for asphalt binders is largely based on what is known as the useful temperature interval, or UTI. The performance grade (PG) of asphalt binders that are purchased today is defined as the range of temperatures over which the material can be expected to have acceptable performance under field conditions. Modification of asphalt binders had been an available technology prior to the outcome of SHRP research. What the PG system showed was that the addition of polymers and other additives increased the useful high temperature of the asphalt binders by making them more resistant to permanent deformation, or rutting. Moreover, it also showed that this increase in high-temperature properties could be accomplished without any detriment to the low-temperature properties intended to indicate cracking resistance. Modified asphalts with high UTIs ( < 92C) are now commonly used in high-performance asphalt paving materials. The technology to increase the high-temperature grade of asphalt binders is widely understood, and there are a number of options available to asphalt binder suppliers to achieve this increase. However, the most common trait of all the available technologies is that one must start with a base material that meets or exceeds the requirements for low-temperature cracking resistance, and then increase the UTI by modifying the material to increase the high-temperature limit of its acceptable performance. The rising demand of petroleum fuels and subsequent increase in cost of crude oil has made it very attractive for oil refineries to extract as much fuel from their crude oil supplies as possible. Asphalt has typically been thought of as a by-product of oil refining, being the remainder of what is left over after the fuels and other valuable components have been extracted. However, refineries are actively advancing their technological capabilities such that they can further remove the lighter molecular weight components from the asphalt in order to enhance the economics of the refining process. This results in a material that has a significantly diminished ability to withstand cracking, as these light components are what give asphalt its flexibility at low temperatures. It is certainly a possibility that the supply of asphalt binder meeting the requirement for low-temperature properties will begin to diminish, thereby increasing the cost of the available supply. The asphalt paving community is therefore charged with the task of developing a sustainable method of maintaining and improving the low-temperature properties of available asphalt binders. The use of petroleum-based products to accomplish this task may become unsustainable, as the cost incurred by the refinery to extract these materials initially will most certainly be passed along to the end-user who is adding it back in. Recycled petroleum products may be an option, but more research is needed to ensure the final product is suitable for use in asphalt pavements. The burgeoning field of research into renewable biomass-based petroleum alternatives is promising, but is highly fragmented and currently lacks a comprehensive effort focused on low-temperature properties of asphalt binders. The outcome of this work should not be a single solution, however, but rather a better understanding of the critical factors that determine low-temperature cracking resistance. Then, the asphalt community will have the knowledge at their disposal of how to implement a systematic approach using a wide range of viable technologies, similar to how the issue of improving high-temperature properties was solved. Research Objective 1. Synthesize recent work on the fundamental properties of asphalt that determine low-temperature cracking resistance, as well as developments in the modification of asphalt binders to enhance low-temperature properties. 2. Identify promising concepts and technologies for further investigation. 3. Conduct additional research to fill gaps in the data. 4. Utilize available information to develop a framework of fundamental critical properties that determine low-temperature cracking resistance and mechanisms to affect those properties. 5. Validate the proposed framework with field testing. 6. Work with users and producers to obtain consensus, and disseminate the information on a national basis. | E32: AFK20, Characteristics of Bituminous Materials | F32: Sustainable | K32: Efficiency | N32: Construction | O32: Maintenance | P32: Highways | Q32: Construction | R32: Materials | S32: Pavements | W32: 0 | X32: 0.5 | Y32: 0 | Z32: =SUM(W32:Y32) -> 0.5
A33: Framework for National Pedestrian and Bicycle Performance Measures | B33: http://rns.trb.org/dproject.asp?n=29215 | C33: 40922 | D33: Scope: Over the past two decades, United States transportation policy has transitioned from focusing mainly on automobile infrastructure, efficiency, and safety to accommodating the needs of all types of transportation system users, including pedestrians and bicyclists. According to the 2010 USDOT policy statement, “The DOT policy is to incorporate safe and convenient walking and bicycling facilities into transportation projects. Every transportation agency, including DOT, has the responsibility to improve conditions and opportunities for walking and bicycling and to integrate walking and bicycling into their transportation systems.” However, the most common metrics used to evaluate national, state, and local transportation systems are still focused mainly on automobile and public transit modes. These performance measures include vehicle miles traveled (VMT), motor vehicle level of service (LOS), hours spent in congested traffic, average running speed, lane miles of highways and roadways, transit service frequency, and farebox recovery ratio. Moreover, some of these existing metrics are concerned with increasing motor vehicle capacity and decreasing automobile delay, so they implicitly discourage certain bicycle and pedestrian improvements. While some local and state agencies have started to establish pedestrian and bicycle performance measures, few exist at the national level[1]. New metrics are essential for evaluating transportation system conditions and opportunities for pedestrians and bicyclists. This synthesis project would review existing pedestrian and bicycle performance measures at state, regional, and local levels. Pedestrian performance measures would be documented and evaluated separately from bicycle performance measures. The project would classify these measures into several categories (e.g., activity/volume, safety, infrastructure, socioeconomic characteristics, institutional awareness/support, and citizen satisfaction). The research team would then identify specific pedestrian or bicycle performance measures in each category that could be good candidates for becoming official national measures (e.g., the data are available or easily collected, measures are related to common goals of transportation agencies, measures are easy to understand). Ultimately, this synthesis of existing performance measures would lead to a national framework for tracking the most essential elements of pedestrian and bicycle activity, infrastructure, safety, institutional support, and user satisfaction in the United States. The end product could also be used as a basis to update existing local, regional, and state performance monitoring systems to include key pedestrian and bicycle indicators. The synthesis should also address how federal guidance and support could make pedestrian and bicycle data collection more feasible for local agencies, MPOs, and state DOTs. Where possible, this effort should be coordinated with international initiatives to establish pedestrian and bicycle performance measures (as discussed at the Walk21 Conference in New York in 2009). The direct payoff of this project would be an improved ability to track national trends in pedestrian and bicycle activity, safety, infrastructure improvement, and satisfaction over time. This information is essential for demonstrating the effectiveness of investments in pedestrian and bicycle infrastructure and safety programs. Reporting the performance measures on an annual basis would also provide direct evidence of how well USDOT policy is being achieved. Measuring pedestrian activity, safety, infrastructure, and user satisfaction would show stakeholder groups and the general public that pedestrian and bicycle transportation are taken as seriously as other modes that are already being measured and reported on a routine basis at the national level. This synthesis would build on momentum from several efforts, including the National Bicycling and Walking Study (conducted every five years by FHWA) and the pro-bono National Pedestrian and Bicycle Documentation Project (organized by Alta Planning & Design and the Institute of Transportation Engineers). It would also support policy initiatives to improve performance measurement for all modes, as suggested by the draft DOT Strategic Plan for 2010 to 2015 and the HUD-EPA-DOT Sustainable Communities Partnership. | E33: ANF10, Pedestrians | F33: Sustainable | G33: Environment | K33: Access | L33: Safety | M33: Intragenerational Equity | N33: Systems Planning | O33: Programming | P33: Pedestrians and Bicyclists | Q33: Data and Information Technology | R33: Planning and Forecasting | S33: Policy | W33: 0 | X33: 0 | Y33: 1 | Z33: =SUM(W33:Y33) -> 1
A34: Best Practices for Sidewalk Maintenance | B34: http://rns.trb.org/dproject.asp?n=29217 | C34: 40922 | D34: Scope: Sidewalk maintenance practices should be addressed in a TRB synthesis. Given the severely constrained resources facing local governments and related pedestrian safety, accessibility, and liability concerns, many agencies would benefit from a summary of best practices for sidewalk maintenance. Sidewalk maintenance, as defined here, is the function of preserving, repairing and restoring hard-surface sidewalks and keeping them in condition for safe, convenient and accessible use. Maintenance includes repairing surface defects and changes in level, controlling vegetation encroachments as well as snow/ice and debris removal. While major construction or reconstruction activities such as widening a sidewalk to comply with accessibility requirements or adding missing links to sidewalk networks are important for providing safe and convenient conditions for pedestrian travel, they are not defined as maintenance. Similarly, multi-use trails, while an important part of the transportation network, are not considered as sidewalks for purposes of this synthesis. Although sidewalks are not subjected to the same “traffic loads” as roads and streets, in some ways maintenance of them is more challenging due to the prevalence of drainage and vegetation issues coupled with accessibility requirements. Additionally, sidewalk systems in many jurisdictions are poorly documented. The situation is complicated by the wide variety of parties responsible for sidewalk construction and maintenance (e.g., state governments, different levels of local jurisdictions, land developers, and private property owners). Many jurisdictions have ordinances or laws addressing sidewalk maintenance. However, the specificity and enforcement of these regulations vary widely. In spite of these challenges, there are a number of jurisdictions using innovative practices to accomplish high-quality, cost-effective sidewalk maintenance. For example, some communities have initiated cost-sharing arrangements with private property owners or have developed equipment, materials and procedures specifically designed for the sidewalk environment. Unfortunately, much of the information about these policies, procedures, and equipment is not documented in the published literature. The proposed synthesis will identify sidewalk maintenance best practices and present them as a guidebook. The guide would have three main elements: policies, procedures, and legal/risk management considerations. The first element would provide examples and experiences from jurisdictions that have developed effective sidewalk maintenance policies in terms of responsibilities, enforcement, allocation of costs and related issues (e.g., dealing with utilities and private excavators). While the focus will be on United States communities, effective policies from other countries may also be highlighted. Background research should cover policies in New Hampshire that have been implemented following a court ruling that found local government policies requiring abutters to clear adjacent sidewalks were tantamount to an unconstitutional tax. The second element would identify best practices in terms of inspection/monitoring programs, procedures for reporting problems, prioritizing maintenance needs, routine maintenance methods, identification of maintenance requirements for different types of sidewalk surfacing materials, classifying and prioritizing repairs, geographic/climatic differences in sidewalk maintenance, types of equipment used and other issues of this nature. The third element would discuss how agencies address liability issues related to sidewalk maintenance and legal restrictions that may prevent certain types of policies and practices from being employed. This synthesis project would be accomplished by a critical review of published literature, an internet search, interviews with individuals from selected governmental entities and professional/technical associations and a survey instrument to be completed by representatives of jurisdictions with experience/information about sidewalk maintenance practices. The review and survey will also identify potential topics for further research where best practices may not have developed, but are needed. | E34: ANF10, Pedestrians | F34: Environment | K34: Efficiency | N34: Maintenance | O34: Construction | P34: Pedestrians and Bicyclists | Q34: Maintenance and Preservation | R34: Pavements | S34: Policy | W34: 0 | X34: 0.5 | Y34: 0 | Z34: =SUM(W34:Y34) -> 0.5
A35: Data Sources to Measure Pedestrian and Bicycle Safety in Parking Lots | B35: http://rns.trb.org/dproject.asp?n=29214 | C35: 40922 | D35: SCOPE: As an increasing number of communities promote walking and bicycling to improve public health, the environment, and neighborhood livability, there is a need to broaden the understanding of pedestrian and bicycle safety. This includes pedestrian and bicycle safety in parking lot areas. By design, parking lots are areas with frequent motor vehicle and pedestrian activity. While there are few state or national crash databases available to quantify parking lot conflicts, qualitative assessments recognize parking lots as complex environments with potentially dangerous pedestrian, bicycle, and motor vehicle interactions. Some local jurisdictions, such as Pinellas County, FL, find more than 20% of reported pedestrian crashes are in parking lots. The task of parking requires drivers to look simultaneously for parking spots, other vehicles, and pedestrians and bicyclists. Walking between a building and a parked car often requires carrying packages or pushing a cart. Pedestrians and bicyclists often pass directly behind parked cars, but they can also emerge from between cars and cross vehicle paths at almost any location in the lot. Many pedestrians emerge from parked cars in the lot, but other pedestrians and bicyclists must cross a parking lot to travel to the door of the building from the surrounding neighborhood. Therefore, conflicts may also occur at parking lot entry and exit points. In addition, pedestrians and bicyclists may be injured when they trip on curbs (or other vertical obstacles), slip on debris or slick surfaces, or fall on ice in parking lots. The U.S. Department of Transportation and state, regional, and local transportation agencies have traditionally relied on State motor vehicle crash data collected by the police for information on events harmful to pedestrians and cyclists. While useful, this data source is restricted to events involving motorized vehicles occurring on public roadways. It excludes 1) many crashes of motorized vehicles with pedestrian and cyclists occurring in non-roadway locations that include parking lots, driveways, and sidewalks and 2) harmful events that do not involve a motorized vehicle (e.g. pedestrian and bicycle falls). In addition, there is ample evidence that many crashes of motorized vehicles with pedestrians or cyclists are not reported in police files. The objective of this synthesis project is to identify the magnitude of the safety problem for pedestrians and bicyclists in parking lots. There is currently little information available on the frequency or characteristics of automobile, bicycle, and pedestrian crashes that occur in parking lot locations. For example, in the Fatality Analysis Reporting System (FARS) and National Automotive Sampling System (NASS) General Estimates System (GES), a crash occurring in a parking lot will fall under the general “Off Roadway-Location Unknown” category for the attribute “Relation to Trafficway”. Therefore there is a critical need to collect data from other sources about crashes and other incidents involving pedestrians and cyclists in parking lots. There is little research on pedestrian and bicycle safety on private property and particularly in parking lots. The most comprehensive source of information, including a data collection effort, was published in 1999 (Stutts and Hunter 1999a and b). The results based on hospital emergency data collected at eight hospitals across the US show that 70 % of the reported bicycle injury events and 64% of the reported pedestrian injury events did not involve a motorized vehicle and that 31% of the bicyclists and 53% of the pedestrians were injured in non-roadway locations such as sidewalks, parking lots, or off-road trails. 8% of non-roadway vehicle-pedestrian crashes are in parking lots, and 55% of non-roadway vehicle-bicycle crashes are in parking lots (commercial, residential, or other). For non-roadway events that did not involve motorized vehicles, sidewalk locations predominated for pedestrians (58%), followed by the various categories of parking lots (25%). Sidewalk locations also predominated for bicycle crashes that did not involve motor vehicles (50%). Parking lots represented 7% of these bicycle crashes. No follow up studies could be found. (Stutts and Hunter 1999a) mentions the work done by Walker (1993) who, using police reports on non-traffic injuries provided by the State of Indiana, developed a taxonomy of non-traffic pedestrian-motor vehicle crash types that included driveways, parking lots, alleys, and private streets (the paper is not available). No references were found on the characteristics or causes of pedestrian and bicycle crashes in parking lots. Given the limited information available, the major effort is to identify data sources and synthesize the available data. This synthesis project will: synthesize studies or reports that provide parking lot crash data or interaction and conflict data involving pedestrians and cyclists. The review should include studies relating the pedestrians' and cyclists' access to parking lots and safety, as well parking lot geometry and layout, and the impact of parking policies. document the state, province, or local jurisdiction crash databases that include attributes describing whether a crash occurred in a parking lot or on a street. explore hospital emergency department reports that describe the location of the incident leading to a pedestrian or cyclist injury, as well as insurance data and tort claims records. Future studies will analyze the available data, in order to describe the most common types of crashes and conflicts involving pedestrian or cyclists in parking lots. These follow-up studies may also draw upon field studies of conflicts, near misses, and falls in parking lots as well as qualitative surveys or interviews with drivers, pedestrians, and bicyclists to develop a greater understanding of how often they have experienced or witnessed parking lot conflicts or crashes. Ultimately, future research can lead to guidelines or documentation of best practices for safe design and operation of parking lots. | E35: ANF10, Pedestrians | F35: Environment | K35: Safety | N35: Programming | O35: Operations | P35: Highways | Q35: Pedestrians and Bicyclists | R35: Data and Information Technology | S35: Safety and Human Factors | T35: Policy | W35: 0 | X35: 0 | Y35: 0.5 | Z35: =SUM(W35:Y35) -> 0.5
A36: Environmental Impacts of Using High Carbon Fly Ash in Structural Fill Applications | B36: http://rns.trb.org/dproject.asp?n=29205 | C36: 40919 | D36: Over 60% of the electricity generated in Eastern U.S. is produced by coal combustion, with resulting abundant quantities of fly ash as residue. The fly ash occasionally contains significant amounts of unburned carbon (i.e., high loss on ignition) due to the common use of low nitrogen oxide (NOx) burners in recent years. This ash has a carbon content of 12-20%, has no value as a concrete additive, and cannot be efficiently re-burnt by using current technology. Recent data indicate that approximately 68% of this high-carbon fly ash (HCFA) is placed in landfills, thereby consuming valuable land space and creating the potential to impact aquatic resources in various States. Roadways have high potential for large volume use of HCFA. In many cases, these materials can be replaced with suitable HCFAs that are normally disposed of in landfills. Recent preliminary tests conducted at the FHWA Recycled Materials Resource Center and several research institutions indicate that HCFA may be very effective for stabilizing poor borrow material for structural fill applications (e.g., embankment construction). However, one key issue that precludes soil stabilization with fly ash is the potential for groundwater and other environmental impacts caused by heavy metals in the fly ash. Common metals of concern are cadmium, selenium, chromium, arsenic, and aluminum. Previous research on leaching from fine-grained clayey subgrade soils stabilized with fly ash suggests this problem is unlikely. On the other hand, this environmental aspect requires further scrutiny in case of stabilized borrow materials and granular soils as these soils have lower fines content compared to soil of predominantly fine-grained subgrades; and result in less attenuation and more leaching than that associated with stabilized subgrade soils. Dealing with these issues, and finding ways to reduce risks, is important to enhance the reuse of fly ash. The environmental risks associated with fly ash stabilization may be reduced when HCFAs are used as a stabilizing agent (e.g., unburned carbon or activated carbon is often used for pollution control). The high organic carbon content of HCFA should act as a sorbent to the heavy metals in the fly ash, and reduce the amount of metals that are released into the environment. Because of enhanced adsorption of metals by the unburned carbon, metal concentrations are likely to decrease to much lower values than the ones experienced with Class F fly ashes. The environmental benefits of the high carbon content may also result in a broader range of permissible reuse applications for fly ash. Research Objective The objective of the proposed study is to evaluate the mechanical performance and leaching potential of borrow materials mixed with HCFAs relative to those stabilized with conventional binders, and to evaluate the potential groundwater impacts. This objective will be met by a combination of geomechanical tests, batch tests, column tests, and computer modeling. | E36: AFP40, Physicochemical and Biological Processes in Soils | F36: Environment | K36: Emissions and Waste | N36: Construction | O36: Maintenance | P36: Highways | Q36: Materials | R36: Geotechnology | W36: 0.5 | X36: 0 | Y36: 0 | Z36: =SUM(W36:Y36) -> 0.5
A37: Influence of Physical and Chemical Properties of Aggregates on Mechanical and Hydraulic Performance of Highway Bases | B37: http://rns.trb.org/dproject.asp?n=29206 | C37: 40919 | D37: Several states are in need for a pragmatic solution for a compelling long-term problem in the State: the evaluation of geomechanical (stiffness and strength) and drainage characteristics of graded aggregate base (GAB) stone delivered at highly variable gradations to the construction sites. GAB is mostly delivered from the quarries, but occasionally recycled crushed GAB produced some manufacturers are also utilized. Millions of tons of GAB are used in construction of highway bases due to its satisfactory mechanical properties. The fines content of GAB can be highly variable and is often related to crushing process in the quarry. The crushing of the stone at the quarry generally does not decrease the mechanical strength and stiffness of the material delivered to the site. On the other hand, DOTs are experiencing difficulties in achieving proper drainage through the base layers due to occasionally high fines content of the GABs. The manufacturers generally meet the required gradation as specified, that is less than 8% passing No. 200 sieve, but DOTs are concerned whether the gradation and segregation or delivery placement is causing the inadequate permeability. Water in pavement systems is one of the main causes of pavement distress, and it is well known that improved roadway drainage extends the life of a roadway system. The relatively impervious base-course materials may significantly shorten highway life, and interrupts road service and public safety. Alternative drainage methods, such as geocomposite highway edge drains exist, but proper drainage of highways cannot be achieved if the highway base is clogged. A research project is needed to study if the drainage capacity of GAB can be increased by limiting the fines content of the materials delivered to the construction site so that extensive benefits can be achieved throughout the life cycle of the project. Research Objective The main objective of this proposed study is to investigate the geomechanical and drainage characteristics of graded aggregate base (GAB) stone with varying fines content. The particular objectives of this proposed work are to (1) define an acceptable zone that includes satisfactory geomechanical and drainage properties for the GAB, and (2) to evaluate the current structural coefficients and, if necessary, provide recommendations for their improvement through resilient modulus, plate load, and permeability tests and numerical modeling. | E37: AFP40, Physicochemical and Biological Processes in Soils | F37: Environment | N37: Construction | O37: Maintenance | P37: Highways | Q37: Materials | R37: Geotechnology | W37: 0 | X37: 0 | Y37: 0 | Z37: =SUM(W37:Y37) -> 0
A38: Case Studies of Carrier Safety Advancement | B38: http://rns.trb.org/dproject.asp?n=29150 | C38: 40895 | D38: An under-used methodology in motor carrier research is the intensive carrier case study. Case studies might be used to tell a comprehensive and holistic story of how particular motor carriers have adopted new safety or other management practices and the outcomes of these interventions. A case study is not a controlled experiment and it cannot isolate specific cause-effect relationships. The advantage of the case study methodology, however, is that it can tell a complete story and present it in a realistic context. As such, case studies are more likely to be meaningful and compelling to the key target audiences for motor carrier safety improvements: fleet safety and operational managers. An excellent example is a published paper by Will Murray et al. (2009). Murray’s group conducted and published a four-year occupational road safety case study of Wolseley, the world’s largest heating and plumbing distributor, based in the United Kingdom and operating in 28 countries. The comprehensive case study classified dozens of Wolseley safety interventions within an expanded Haddon Matrix and chronicled their implementation and safety outcomes over a four-year period. A detailed chronology listed dozens of company safety interventions applied to review, benchmark, manage, and evaluate the company’s occupational and road safety. Wolseley reduced its crash rate by more than 40% over the period. It also reduced employee injuries, traffic and regulatory violations, and financial losses. While this holistic research approach did not isolate the effects of single interventions, it did “tell a story” which other companies could emulate. Wolseley is a giant, international private fleet. Similar North American case studies could address a variety of carrier types, including trucks and buses, private and for-hire fleets, long-haul and short-haul, truckload, less-than-truckload (LTL), and pick-up and delivery fleets. Since case studies would emphasize company success and progress, some companies may welcome the positive publicity and allow their company names and operational details to be shared. Others may be willing to participate but with restrictions on information disclosure, including the use of their names and other specific identifiers. Case studies could be presented within conceptual or theoretical frameworks. Murray’s Wolseley paper presented the WIPE Fleet Safety Model, where WIPE stands for: Why focus on fleet safety; i.e., potential business and other benefits of improved safety. Initial and continuing status review; i.e., surveys, focus groups, leading and lagging indicators · Pilot and implement countermeasures · Evaluate outcomes; i.e., crash and other accident data. Another model for comprehensive carrier interventions is the expanded Haddon Matrix. The Haddon Matrix (Haddon, 1980) is a framework for understanding and designing crash reduction strategies. It provides a conceptual structure for identifying factors that influence crash occurrence by dividing the crash scenario in terms of timeframe (i.e., pre-crash, crash, and post-crash) and in terms of the primary “actors” affecting the event (i.e., human, vehicle, roadway/environment). Murray et al. reconceptualized and further expanded the “actors” to include six: · Management culture · Journey · Road and site environment · People · Vehicle · Society or community. Knipling (2011) expanded the “actors” to include nine categories: government/industry, society, motor carriers, driver enduring traits, driver temporary states, vehicle design and equipment, vehicle condition, roadway design/traffic, road/environment condition. The time periods were expanded to include five categories: pre-trip/pre-threat, pre-crash, crash, post-crash response, and post-crash remediation. Another natural framework is the new Compliance, Safety, Accountability (CSA) BASIC safety measurement system consisting of seven metrics (unsafe driving, fatigued driving, driver fitness, alcohol/drugs, vehicle maintenance, cargo securement, and crash history). Still another framework is that of Safety Management Systems (Ahmed, 2010; Thiffault, 2011), which emphasize measurement of key safety processes and indicators. Presentation within such frameworks might help readers to better organize their own carrier interventions emulating those in the case studies. Objective Conduct in-depth case studies of motor carriers which have progressively improved their safety programs. These case studies would include documentation of carrier safety statistics and other indicators, both leading and lagging. They would include chronologies of carrier safety interventions along with discussions of the rationales for them and challenges faced in implementing them. A fully-successful effort would encompass all types of safety interventions (e.g., management-related, driver-related, vehicle-related and operations-related) and would report both successes and failures. Ideally, a variety of carriers would be represented, including carriers of varying size and operations type. The purpose of these case studies would be to motivate other similar carriers to undertake similar safety advancement programs and to provide blueprints for them. Participating carriers would benefit from the corporate pride and positive publicity associated with their safety success. | E38: ANB70, Truck and Bus Safety | F38: Society | G38: Environment | K38: Safety | N38: Operations | O38: Programming | P38: Motor Carriers | Q38: Research | R38: Education and Training | W38: 0 | X38: 0 | Y38: 0.5 | Z38: =SUM(W38:Y38) -> 0.5
A39: Values and Methods for Incorporating Travel Time Reliability in Highway Benefit-Cost Analysis | B39: http://rns.trb.org/dproject.asp?n=28967 | C39: 40868 | D39: Over the last several years, there has been a growing recognition in the transportation community that consistent or reliable travel times are important to travelers and the movement of goods. This may reflect a resignation by the public that some congestion is inevitable, so merely achieving consistency in travel times rather than eliminating congestion has become the objective. The greater emphasis on travel time reliability may also reflect more complicated and scheduled personal lifestyles (e.g., due to dual income families and changing responsibilities) that depend on reliable arrivals through the day. At the same time, goods movement has become more dependent on reliable travel nationally and globally as a result of just-in-time delivery and increased industrial specialization. If travel time reliability is important to the traveler, then it should be reflected in the user benefits included in benefit-cost analyses. Historically, practitioners have used proxies to incorporate travel time reliability into benefit-cost analyses (e.g., different values of time for certain and uncertain travel, different values of time for congested and uncongested travel, or a travel time premium for travel during incident conditions). However, for each of these proxies, the valuation of travel time reliability has not been rigorous. Variations in trip times are due to a number of factors, notable among them: recurring and non-recurring incidents, work zones and demand spikes. Demand spikes may be due to stadium events, holidays, first day back to school, and, as well, seasonal variations. Deviations from mean trip time are often knowable well in advance and thanks to increased availability and improved quality of traveler information systems, many unusually long trips are often avoidable. Research indicates that trip time predictability is of greater importance than reliability, per SE. Thus the measure of reliability in benefit-cost analysis should not only consider trip time variance, rather, the extent to which prior information can help mitigate the effects of longer-than-usual trips. A practical method is needed for explicitly incorporating travel time reliability (as a separate category from travel time) into benefit-cost analysis. Recent research suggests that travel time reliability benefits could be large, particularly in congested urban areas. Inadequately measuring these benefits could cause a bias in project and policy analysis. A few countries (e.g., Denmark, the Netherlands, New Zealand, Norway, Sweden, and the United Kingdom) have begun to include travel time reliability in benefit-cost analysis. Practical methods may be drawn from these practices. Literature Summary Recently, the Strategic Highway Research Program (SHRP) 2 sponsored accelerated research into reliability. The Joint Transport Research Center (JTRC) of the Organization for Economic Co-Operation and Development (OECD) and the International Transport Forum (ITF) has also contributed to research by preparing a comprehensive report on travel time reliability and hosting international conferences on the subject. In addition, several countries (e.g., the Netherlands, Norway, Japan, and the United Kingdom) are currently exploring the inclusion of travel time reliability in benefit-cost analysis or conducting related valuation studies. Incorporating reliability requires a standard measurement for travel time reliability, a value for travel time reliability, and the ability to predict future reliability and the impact of transportation projects on reliability. There are several potential measures of travel time reliability (including the standard deviation) for benefit-cost analysis. The value of travel time reliability is often expressed at a multiple of the value of time (known as the “reliability ratio”) with values typically ranging from 0.7 to 1.3. Researchers have developed two approaches (scheduling and mean-variance) for valuing reliability. These approaches have been shown to be equivalent under certain circumstances. They may measure the same disutilities, because increases in travel time variation may be equivalent to scheduling delays, especially for travelers whose expected travel time matches the preferred arrival time. The mean-variance approach could be more flexible for benefit-cost analysis, because the preferred arrival time does not need to be known (as it does under the scheduling approach). Less research has focused on predicting travel time reliability and there is a need for a simple method to predict future reliability and the impacts of policies and projects on reliability. SHRP 2 and European research have developed some methods for forecasting reliability using volume-delay-reliability functions. Another approach is to mimic the methods that state Departments of Transportation (DOTs) use to predict crash rates associated with safety projects using traffic, geometrics, location, and road conditions. The Florida Department of Transportation (FDOT) recently sponsored research to develop a similar, rudimentary system for predicting travel time distributions. Research into the relative impact of factors affecting travel time reliability could help to expand this approach. Other relevant research includes National Cooperative Highway Research Project (NCHRP) Report 431:Valuation of Travel-Time Savings and Predictability in Congested Conditions for Highway User-Cost Estimation and NCHRP Report 8-36, Task 62: Best Practice Methodology for Calculating Return on Investment for Transportation Programs and Projects Research Objective and Research Required This research is intended to develop a practical method for including travel time reliability that can be incorporated into existing benefit-cost procedures and models. The research will build on recent research efforts to develop a procedure that can be implemented in the near term. It will also identify holes in current knowledge and areas for future research to develop a more robust method.The research is anticipated to include the following steps: Reviewing and synthesizing efforts undertaken in SHRP 2 and international initiatives as well as recent NCHRP projects to determine how they may inform a reliability assessment process within benefit-cost analysis. Identifying transportation projects and policy issues (e.g., tolling strategies) that might benefit from a better assessment of reliability. Reviewing existing methods or models that specifically incorporate travel time reliability for highway passengers or freight into benefit-cost analysis. Reviewing empirical studies to establish a preliminary, recommended value of reliability. Issues that might be considered in establishing a value include: o The shape of travel time distributions o Areas of the distributions that are more valuable for travelers (e.g., late arrivals compared to early arrivals) o The value of small delays compared to large ones o How the value of travel time reliability varies by income, gender, and trip purpose on highways to allow a more accurate assessment of equity related consumer surplus ¨ Reviewing the literature available on travel time reliability for freight by transport mode and carried goods to allow a more explicit representation of just-in-time processes. ¨ Identifying recommended procedures that can be implemented in the near term for forecasting travel time reliability using sketch planning tools, travel demand models, or micro-simulation models ¨ Preparing a database of before and after case studies highlighting travel time reliability and establishing rules of thumb for various project types ¨ Developing guidelines that incorporate the above research ¨ Identifying areas that merit additional research for developing more robust approaches and specific guidance to include travel time reliability into benefit-cost analysis. Areas may include: o Developing values from revealed preference surveys (currently few examples available) to compare with existing values from stated preference surveys o Establishing the statistical design of surveys for inferring the value of reliability o Explicitly differentiating between the value of average time savings and the value of travel time reliability in time valuation studies (and potentially reexamining the results of prior travel time studies to control for reliability) o Identifying values of travel time reliability for scheduled services (e.g., public transit, rail, and aviation) and establishing a preliminary, recommended value if sufficient data exists o Determining the impact of traveler information (such as message signs, global positioning systems, and use of cell phones for accident reporting) and other transportation management strategies on travel time reliability. ¨ Preparing a final report that describes all activities and findings. | E39: ABE20, Transportation Economics | F39: Equity | K39: Efficiency | L39: Access | N39: Systems Planning | O39: Programming | P39: Highways | Q39: Planning and Forecasting | R39: Economics | S39: Policy | W39: 0 | X39: 0.5 | Y39: 0.5 | Z39: =SUM(W39:Y39) -> 1
A40: Safety Effects of Roadside Mowing Practices | B40: http://rns.trb.org/dproject.asp?n=28854 | C40: 40826 | D40: I. RESEARCH PROBLEM STATEMENT Nationally, as fuel prices trend upward, roadside managers in every state and territory are seeking ways to control the cost of roadside mowing. Annually, individual states spend millions of dollars mowing roadside turf, collectively estimated to be more than $500 million. That amount fluctuates unpredictably with the price of fuel. Proponents of mowing hypothesize that decreasing the frequency and extent of mowing will increase the number and severity of accidents. This untested hypothesis generates high frequency and extensive mowing at any cost. Anecdotal evidence contradicts the hypothesis, suggesting that un-mowed (or less-mowed) turf makes travel safer by slowing errant vehicles, making it easier for the driver to regain control while traversing the clear zone. In addition, many experts believe safety is improved with taller and coarser turf because it is less attractive to foraging wildlife than the short tender green sprouts encouraged by mowing. Less mowing also reduces the time that highway maintenance workers are exposed to traffic. A final area of concern involves the conspicuity of roadside object. It is unknown whether allowing roadside vegetation to obscure hazards and/or safety devices has an effect on the overall safety of the roadway. Beyond the mowing that is necessary to preserve sight distance at intersections, and to prevent vegetation from growing so large to become fixed objects in the clear zones, what is needed is a better understanding of the safety implications of changing mowing frequency, extent, and height. III. RESEARCH OBJECTIVE Taking into consideration regional climate and turf characteristics, roadway classifications, speeds, and historical crash data, individual state mowing policies and practices should be examined to determine the correlation(s) between safety (crash frequency and severity) and mowing frequency, extent, and height throughout the entire roadside environment. Study results should be presented in a format helpful to state transportation agency officials with responsibility for establishing and carrying out mowing policies procedures, and practices. | E40: AFB20, Roadside Safety Design | F40: Environment | K40: Safety | N40: Maintenance | O40: Operations | P40: Highways | Q40: Maintenance and Preservation | R40: Safety and Human Factors | W40: 0 | X40: 0 | Y40: 0.5 | Z40: =SUM(W40:Y40) -> 0.5
A41: Maintaining Transit Effectiveness under Major Financial Constraints | B41: http://rns.trb.org/dproject.asp?n=28630 | C41: 40771 | D41: Transit agencies are struggling to deliver the most effective service with limited resources. Revenue streams, including fare revenues and sales taxes, were hit hard by the Great Recession and are slow to recover. Transit ridership and operating costs have risen with fuel prices. Squeezed by higher costs and lower revenues, .many transit agencies increased fares and cut service. Meanwhile, others looked more broadly at strategies to increase efficiency and effectiveness. One example of this broader look is the San Francisco Metropolitan Transportation Authority’s Transit Effectiveness Project. The TEP and similar efforts should be documented and more widely shared r. It is likely that the revenue streams supporting transit will take years to catch up to forecasted levels, so it is vital that transit agencies streamline their organizations to deliver the best service in the most cost-effective way. Fare increases and service cuts are not sustainable strategies. This research would identify approaches that agencies around the country have undertaken, offering models to other transit agencies on how to make their service more efficient and sustainable. Leaders of transit agencies could benefit from understanding what has worked and what pitfalls should be avoided. The synthesis might include the following steps that could be completed for 400 hours of professional time: 1. Identify transit agencies that are undergoing (or have recently undergone) similar efforts through an email request (likely through APTA’s listserves). 2. Compile available reports and other documentation from these transit agencies. 3. Develop a report that synthesizes the following information: · What was the impetus behind conducting these studies? · What strategies were considered to improve service delivery and reduce cost (cost containment strategies, business process improvements, and service re-structuring)? · What kind of analysis did the transit agencies undergo to complete this study (e.g. ridership analysis, focus groups, etc.)? · How did agencies decide which strategies to select? · How did transit agencies balance the short-term immediate needs with the long-term focus? · For those strategies already implemented, what cost savings/efficiencies were realized? 4. Identify opportunities for further research. | E41: AP025(2), Public Transportation Planning and Development Research Needs | F41: Sustainable | K41: Efficiency | L41: Affordability | N41: Systems Planning | O41: Programming | P41: Public Transportation | Q41: Finance | R41: Policy | W41: 0 | X41: 0.5 | Y41: 0 | Z41: =SUM(W41:Y41) -> 0.5
A42: Modern Streetcars and Economic Development: The Rest of the Story | B42: http://rns.trb.org/dproject.asp?n=28629 | C42: 40771 | D42: At least 80 US cities are reported to be advancing streetcar projects as a means to provide circulation and generate development within downtowns and activity centers. Many are attracted to the streetcar concept by having visited or read about the development that accompanied the recent implementation of streetcars in Portland’s Pearl District, Seattle’s South Lake Union area, and Tacoma. To emulate these experiences in other places, streetcar sponsors need to understand the full range contributing factors that led to the development that has occurred along these streetcar lines. This synthesis would document the “rest of the story” – the market conditions, policy actions, financial incentives, other public investments, etc., that collectively (in addition to the building a streetcar) contributed to development adjacent to the streetcars. A better understanding of the factors contributing to development near recent streetcar projects would help sponsors of new projects put in place the necessary supporting policies and strategies to leverage the development potential of their projects. Further, as the Federal Transit Administration (FTA) starts to give greater emphasis to economic development in its rating of New Starts and Small Starts, a fuller understanding of the development process would help streetcar sponsors compete more successfully for these limited funds, while enhancing their ability to secure local and private matching funds. The synthesis might include the following steps that could be completed for 400 hours of professional time: · Collect existing research and reports on economic development that has occurred in conjunction with streetcar projects implemented in the past 15 years · Based on literature review, develop a comprehensive list of market and public policy factors that contributed to the development near each project. · Conduct a limited number of telephone interviews with project sponsors, researchers, and public and private participants in the development process. · Identify recommendations for further research. · Prepare synthesis report. | E42: AP025(2), Public Transportation Planning and Development Research Needs | F42: Economic Development | K42: Efficiency | N42: Systems Planning | O42: Programming | P42: Public Transportation | Q42: Planning and Forecasting | R42: Economics | S42: Policy | W42: 0 | X42: 0.5 | Y42: 0 | Z42: =SUM(W42:Y42) -> 0.5
A43: Emerging Transit Markets: The Effect of Changing Demographics and Lifestyle Choices in Service Planning | B43: http://rns.trb.org/dproject.asp?n=28616 | C43: 40764 | D43: RESEARCH PROBLEM STATEMENT As global positioning systems (GPS) and Internet connections are getting cheaper for cell phone users, innovative mobile applications have seriously impacted the social networking habits of technology savvy users as well as their behavioral characteristics. Various surveys have revealed the following: Internet traffic is growing by 40% per year. More than one-half of American teens say they are “content creators” via the Web. More than one in four Americans who download apps admit to using those apps while driving. Apart from a concern with safe driving, this growing desire for using audio/visual devices on cell phones may encourage a perception of an added-utility value by drivers, especially among technology savvy drivers where smart phone use is widespread. The ability to use telecommunication devices while seated on a bus or train may help an individual consider riding transit as a better use of their time and/or money than driving. At the same time there appears to be an emerging trend of a preference to locate in the high density parts of urban redevelopment areas. These are associated with preferences for walking, social interaction and the use of public transit that will facilitate the use of new technologies when technology-savvy users travel on transit. A close examination of these motivations and other relevant transit trip-making decision factors including travel time, cost, and frequency of service is essential to meet the needs of these transit riders who are technology-savvy and value the flexibility of riding the bus while they text or surf the web on their smartphone or laptop. Little work exists that can be used to help transit agencies understand these factors and capitalize on these emerging markets. The research findings can help transit service planners to respond proactively and effectively to changing demographics and lifestyle choices by technology-savvy users or recent university graduates. OBJECTIVE The purpose of this project is to develop a handbook for transit planners’ use in the creation and retention of the technology-savvy emerging market, based on a mix of theory, case studies and customer survey results. The focus is on two new markets: 1) the technology-savvy users with transit commuting experience, most likely in the college setting; and 2) the retention of university transit users as they transition from students to full-time work. Users of the proposed handbook will gain an understanding of how to conduct market research to incorporate transit service evaluation both as it applies to technology-savvy riders, as well as implementation strategies specifically targeted at achieving ridership growth in these two emerging markets. RESEARCH PROPOSED This project would conduct research on two types of markets. One focuses on existing technology-savvy transit riders most likely found in the college setting, and the other on a retention survey of recent graduates who rode transit while in college. Universities that have demonstrated successful transit use will be invited to participate. In the first type of research surveying current college riders, a comparison of a cross-section of students will be made of the travel characteristics and use of telecommunications. In addition, comparable transit levels of service will be analyzed to establish a baseline of the service performance required. This portion of the research would lead to the development of tools that transit agencies can use to inventory the important data resources in order to expand transit markets by incorporating the travel needs of existing students and young adults. In the second type of research, a survey will assess the retention of the university student market after graduation in an attempt to examine what major factors influence graduates to continue to use transit versus those who switch to driving after graduation. It will also examine which factors affect travel mode choice when transit riders have lifestyle changes. Some factors to explore include: flexibility of using telecommunication devices while riding transit, proximity to employer destination or housing, compact land use patterns, and increased transit accessibility. It is suggested the results may allow one to better understand how the changed environment and other factors like higher income may affect a young professional’s mobility decisions and provide greater insight into how transit can improve in order to remain a viable alternative to driving. The outcome of this research could provide three main deliverables. First, the research would provide a guide to best practices in the expanding transit markets by integrating the effects of having access to telecommunications while riding in the transit service planning process. Second, a checklist of other service quality indicators would be developed that have shown have an effect in retaining university transit riders after graduation. Third, a list of references would be produced by mapping various cutting edge techniques including customized trip planner via campus internet, Facebook, and ridership monitoring mechanisms that meet the needs and preferences of these two emerging markets. | E43: AP025(2), Public Transportation Planning and Development Research Needs | F43: Society | G43: Environment | K43: Efficiency | L43: Access | N43: Programming | P43: Public Transportation | Q43: Data and Information Technology | R43: Planning and Forecasting | W43: 0 | X43: 0.5 | Y43: 0.5 | Z43: =SUM(W43:Y43) -> 1
A44: Long-Term Trends and Critical Issues Impacting Regional Transportation Systems Management & Operations | B44: http://rns.trb.org/dproject.asp?n=28398 | C44: 40708 | D44: Currently, transportation related activities are being affected by regional and global phenomena. It is unclear how these events might influence regional transportation management and operations, especially from the perspective of strategic planning, decision-making, and interaction with elected officials. Several major societal/global events have occurred in recent years that affect transportation. These events should be reflected in the collective thinking of the management and operations community we move forward with regional transportation management and operations initiatives. In June 2010, the TRB Technical Activities Council (TAC) held a group discussion to help identify the long-term trends and potential issues that may affect, or be affected by transportation and what these might mean for the future of TRB and other transportation organizations. A list of problems, trends, and issues (see Attachment A) were raised concerning transportation as a whole; however, it is apparent that almost all have the potential to impact Regional Transportation System Management and Operations either directly or indirectly. These problems, trends, and issues are in the areas of policy, funding & finance, institutions, workforce, demographics, planning, data, safety and security, infrastructure, freight, energy and climate change, environment, economics, and technology. | E44: AHB10, Regional Transportation Systems Management and Operations | F44: Sustainability | G44: Sustainable | H44: Equity | I44: Environment | J44: Economy | N44: Systems Planning | O44: Operations | P44: Operations and Traffic Management | Q44: Planning and Forecasting | R44: Transportation (General) | S44: Policy | W44: 0 | X44: 0 | Y44: 0 | Z44: =SUM(W44:Y44) -> 0
